Workbook

Sheet Catalog
A1: ID | B1: Google Rank | C1: Research | D1: Title | E1: Link | F1: Abstract | G1: Year/Date | H1: Priority | I1: Access | J1: Price | K1: Author/s | L1: Country | M1: Language | N1: Publisher | O1: Industry | P1: Edge (includes Mesh too) | Q1: Digital Twin | R1: Mobility | S1: Security (includes safety too) | T1: Experience | U1: SDG | V1: Research Score | W1: Is Research Killing | X1: Notes
A2: 1 | B2: 1 | C2: First | D2: Digital Twin Empowered Content Caching in Social-Aware Vehicular Edge Networks | E2: https://ieeexplore.ieee.org/abstract/document/9399641 | F2: The rapid proliferation of smart vehicles along with the advent of powerful applications bring stringent requirements on massive content delivery. Although vehicular edge caching can facilitate delay-bounded content transmission, constrained storage capacity and limited serving range of an individual cache server as well as highly dynamic topology of vehicular networks may degrade the efficiency of content delivery. To address the problem, in this article, we propose a social-aware vehicular edge caching mechanism that dynamically orchestrates the cache capability of roadside units (RSUs) and smart vehicles according to user preference similarity and service availability. Furthermore, catering to the complexity and variability of vehicular social characteristics, we leverage the digital twin technology to map the edge caching system into virtual space, which facilitates constructing the social relation model. Based on the social model, a new concept of vehicular cache cloud is developed to incorporate the correlation of content storing between multiple cache-enabled vehicles in diverse traffic environments. Then, we propose deep learning empowered optimal caching schemes, jointly considering the social model construction, cache cloud formation, and cache resource allocation. We evaluate the proposed schemes based on real traffic data. Numerical results demonstrate that our edge caching schemes have great advantages in optimizing caching utility. | G2: 44295 | H2: 1 | I2: Payment | J2: 33 | K2: Ke Zhang School of Information and Communication Engineering, University of Electronic Science and Technology of China, Chengdu 611731, China. Jiayu Cao School of Information and Communication Engineering, University of Electronic Science and Technology of China, Chengdu 611731, China. Sabita Maharjan Department of Informatics, University of Oslo, 0373 Oslo, Norway, and also with Simula Metropolitan Center for Digital Engineering, 0167 Oslo, Norway. Yan Zhang Department of Informatics, University of Oslo, 0316 Oslo, Norway (e-mail: yanzhang@ieee.org) | L2: China; Norway | M2: EN | N2: IEEE | O2: Automotive | P2: 4 | Q2: 3 | T2: 5 | V2: =P2*'Data and TEMP'!$C$13+Q2*'Data and TEMP'!$C$14+R2*'Data and TEMP'!$C$15+S2*'Data and TEMP'!$C$16+T2*'Data and TEMP'!$C$17+U2*'Data and TEMP'!$C$18 -> 50 | W2: Yes | X2: social-aware vehicular networks
A3: 2 | B3: 2 | C3: First | D3: Metrics development and modelling the mixed reality and digital twin adoption in the context of Industry 4.0 | E3: https://www.emerald.com/insight/content/doi/10.1108/ECAM-10-2020-0880/full/html | F3: Abstract Purpose This paper aims to examine the current technology acceptance model (TAM) in the field of mixed reality and digital twin (MRDT) and identify key factors affecting users' intentions to use MRDT. The factors are used as a set of key metrics for proposing a predictive model for virtual, augmented and mixed reality (MR) acceptance by users. This model is called the extended TAM for MRDT adoption in the architecture, engineering, construction and operations (AECO) industry. Design/methodology/approach An interpretivist philosophical lens was adopted to conduct an inductive systematic and bibliographical analysis of secondary data contained within published journal articles that focused upon MRDT acceptance modelling. The preferred reporting items for systematic reviews and meta-analyses (PRISMA) approach to meta-analysis were adopted to ensure all key investigations were included in the final database set. Quantity indicators such as path coefficients, factor ranking, Cronbach’s alpha (a) and chi-square (b) test, coupled with content analysis, were used for examining the database constructed. The database included journal papers from 2010 to 2020. Findings The extant literature revealed that the most commonly used constructs of the MRDT–TAM included: subjective norm; social influence; perceived ease of use (PEOU); perceived security; perceived enjoyment; satisfaction; perceived usefulness (PU); attitude; and behavioural intention (BI). Using these identified constructs, the general extended TAM for MRDT in the AECO industry is developed. Other important factors such as “perceived immersion” could be added to the obtained model. Research limitations/implications The decision to utilise a new technology is difficult and high risk in the construction project context, due to the complexity of MRDT technologies and dynamic construction environment. The outcome of the decision may affect employee performance, project productivity and on-site safety. The extended acceptance model offers a set of factors that assist managers or practitioners in making effective decisions for utilising any type of MRDT technology. Practical implications Several constraints are apparent due to the limited investigation of MRDT evaluation matrices and empirical studies. For example, the research only covers technologies which have been reported in the literature, relating to virtual reality (VR), augmented reality (AR), MR, DT and sensors, so newer technologies may not be included. Moreover, the review process could span a longer time period and thus embrace a fuller spectrum of technology development in these different areas. Originality/value The research provides a theoretical model for measuring and evaluating MRDT acceptance at the individual level in the AECO context and signposts future research related to MRDT adoption in the AECO industry, as well as providing managerial guidance for progressive AECO professionals who seek to expand their use of MRDT in the Fourth Industrial Revolution (4IR). A set of key factors affecting MRDT acceptance is identified which will help innovators to improve their technology to achieve a wider acceptance. | G3: 44315 | H3: 3 | I3: Payment | J3: Unavailable | K3: Samad M.E. Sepasgozar (School of Architecture and Design, University of New South Wales, Sydney, Australia) Mohsen Ghobadi (School of Architecture and Design, University of New South Wales, Sydney, Australia) Sara Shirowzhan (School of Architecture and Design, University of New South Wales, Sydney, Australia) David J. Edwards (School of Engineering and the Built Environment, Birmingham City University, Birmingham, UK) Elham Delzendeh (School of Engineering and the Built Environment, Birmingham City University, Birmingham, UK) | L3: Australia; UK | M3: EN | N3: emerald insight | V3: =P3*'Data and TEMP'!$C$13+Q3*'Data and TEMP'!$C$14+R3*'Data and TEMP'!$C$15+S3*'Data and TEMP'!$C$16+T3*'Data and TEMP'!$C$17+U3*'Data and TEMP'!$C$18 -> 0
A4: 106 | B4: 6 | C4: Second | D4: Smart Cities of the Future as Cyber Physical Systems: Challenges and Enabling Technologies | E4: https://www.mdpi.com/1424-8220/21/10/3349 | F4: A smart city represents an improvement of today’s cities, both functionally and structurally, that strategically utilizes several smart factors, capitalizing on Information and Communications Technology (ICT) to increase the city’s sustainable growth and strengthen the city’s functions, while ensuring the citizens’ enhanced quality of life and health. Cities can be viewed as a microcosm of interconnected “objects” with which citizens interact daily, which represents an extremely interesting example of a cyber physical system (CPS), where the continuous monitoring of a city’s status occurs through sensors and processors applied within the real-world infrastructure. Each object in a city can be both the collector and distributor of information regarding mobility, energy consumption, air pollution as well as potentially offering cultural and tourist information. As a consequence, the cyber and real worlds are strongly linked and interdependent in a smart city. New services can be deployed when needed, and evaluation mechanisms can be set up to assess the health and success of a smart city. In particular, the objectives of creating ICT-enabled smart city environments target (but are not limited to) improved city services; optimized decision-making; the creation of smart urban infrastructures; the orchestration of cyber and physical resources; addressing challenging urban issues, such as environmental pollution, transportation management, energy usage and public health; the optimization of the use and benefits of next generation (5G and beyond) communication; the capitalization of social networks and their analysis; support for tactile internet applications; and the inspiration of urban citizens to improve their quality of life. However, the large scale deployment of cyber-physical-social systems faces a series of challenges and issues (e.g., energy efficiency requirements, architecture, protocol stack design, implementation, and security), which requires more smart sensing and computing methods as well as advanced networking and communications technologies to provide more pervasive cyber-physical-social services. In this paper, we discuss the challenges, the state-of-the-art, and the solutions to a set of currently unresolved key questions related to CPSs and smart cities. | G4: 44328 | H4: 1 | I4: Free | J4: 0 | K4: Antonio Puliafito 1,2,*OrcID,Giuseppe Tricomi 1OrcID,Anastasios Zafeiropoulos 3OrcID andSymeon Papavassiliou 3OrcID | L4: Italy, Greece | M4: EN | N4: MDPI | O4: Public Services | P4: 5 | Q4: 2 | R4: 1 | S4: 0 | T4: 4 | U4: 0 | V4: =P4*'Data and TEMP'!$C$13+Q4*'Data and TEMP'!$C$14+R4*'Data and TEMP'!$C$15+S4*'Data and TEMP'!$C$16+T4*'Data and TEMP'!$C$17+U4*'Data and TEMP'!$C$18 -> 50 | W4: Yes
A5: 4 | B5: 4 | C5: First | D5: A systematic review of a digital twin city: A new pattern ofurban governance toward smart cities | E5: https://www.sciencedirect.com/science/article/pii/S2096232021000238 | F5: Many countries and governments consider smart cities a solution to global warming, population growth, and resource depletion. Numerous challenges arise while creating a smart city. Digital twins, along with the Internet of Things, fifth-generation wireless systems, blockchain, collaborative computing, simulation, and artificial intelligence technologies, offer great potential in the transformation of the current urban governance paradigm toward smart cities. In this paper, the concept of a digital twin city (DTC) is proposed. The characteristics, key technologies, and application scenarios of a DTC are elaborated upon. Further, we discuss the theories, research directions, and framework regarding DTCs. | G5: 44279 | H5: 2 | I5: Free | J5: 0 | K5: TianhuDengaKerenZhangaZuo-Jun (Max)Shenab | L5: China; USA | M5: EN | N5: ScienceDirect | V5: =P5*'Data and TEMP'!$C$13+Q5*'Data and TEMP'!$C$14+R5*'Data and TEMP'!$C$15+S5*'Data and TEMP'!$C$16+T5*'Data and TEMP'!$C$17+U5*'Data and TEMP'!$C$18 -> 0
A6: 5 | B6: 5 | C6: First | D6: Digital Twin – an Exploratory Study on its Opportunities and Challenges from a Supply Chain Perspective | E6: https://lup.lub.lu.se/student-papers/search/publication/9041669 | F6: At the forefront of the fourth industrial revolution, technologies such as digital twin seek to shift the way industrial companies operate. A digital twin is a virtual replica of a product, system or process. Historically, the focus has been on representing single objects but it is now shifting to interconnected processes, such as supply chains. Advanced versions of a supply chain digital twin can integrate physical and virtual spaces by, in real-time, replicating supply chains digitally. This allows companies to gain visibility of their supply chain and helps them make well informed decisions. However, there is a growing concern that digital twin might just be a buzzword, and that the hype will soon die down. As the technology is relatively young, it is hard to understand its true value. This question was asked by Northvolt, a newly established battery manufacturer in Sweden. We were tasked with investigating this and providing Northvolt with a point of view on how digital twin could benefit their supply chain. The research showed that there is value in digital twin for Northvolt as long as a clear business case can be identified, where no other solution can fulfil the purpose at a lower cost than digital twin. A digital twin could help Northvolt achieve cross-company planning and provide them with material flow visibility, two characteristics they want to realise when the supply chain is operational. In order to successfully implement a digital twin, it is crucial to secure of digital thread of data throughout all supply chain operations. In addition, this includes that the digital thread must be supported by a digital strategy that covers all supply chain entities. Interviews with Northvolt employees showed that Northvolt has very competent digitalisation and IT teams, with the ambition of making Northvolt a fully digitalised company. This entails that they have created a perfect growing ground for digital twin. Moreover, as Northvolt has a high level of vertical integration, it entails that they possess a lot of data in house. However, they must find a way to access the data from external parties in the digital thread if they want an end-to-end solution. Suppliers of raw materials in the battery industry have a varying degree of digital maturity as well as a varied willingness to share data. | G6: 44075 | H6: 3 | I6: Free | J6: 0 | K6: Sandén, Emma LU and Falk, Johanna LU | L6: Sweden | M6: EN | N6: Lund University | V6: =P6*'Data and TEMP'!$C$13+Q6*'Data and TEMP'!$C$14+R6*'Data and TEMP'!$C$15+S6*'Data and TEMP'!$C$16+T6*'Data and TEMP'!$C$17+U6*'Data and TEMP'!$C$18 -> 0
A7: 40 | B7: 40 | C7: First | D7: Symbiotic System of Systems Design for Safe and Resilient Autonomous Robotics in Offshore Wind Farms\ | E7: https://arxiv.org/abs/2101.09491 | F7: To reduce Operation and Maintenance (O&M) costs on offshore wind farms, wherein 80% of the O&M cost relates to deploying personnel, the offshore wind sector looks to Robotics and Artificial Intelligence (RAI) for solutions. Barriers to Beyond Visual Line of Sight (BVLOS) robotics include operational safety compliance and resilience, inhibiting the commercialization of autonomous services offshore. To address safety and resilience challenges we propose a Symbiotic System Of Systems Approach (SSOSA); reflecting the lifecycle learning and co-evolution with knowledge sharing for mutual gain of robotic platforms and remote human operators. Our novel methodology enables the run-time verification of safety, reliability and resilience during autonomous missions. To achieve this, a Symbiotic Digital Architecture (SDA) was developed to synchronize digital models of the robot, environment and infrastructure and integrate front-end analytics and bidirectional communication for autonomous adaptive mission planning and situation reporting to a remote operator. A reliability ontology for the deployed robot, based on our holistic hierarchicalrelational model, supports computationally efficient platform data analysis. We demonstrate an asset inspection mission within a confined space through collaborative governance (internal and external symbiosis) via decision-making processes and the associated structures. We create a hyper enabled human interaction capability to analyze the mission status, diagnostics of critical sub-systems within the robot to provide automatic updates to our AI-driven run-time reliability ontology. This enables faults to be translated into failure modes for decision making during the mission. We also increase situational awareness with foresight sensing, based on robust, opaque environment compliant sensing to monitor unforeseen ambient risks. Our results demonstrate that the symbiotic system of systems methodology provides enhanced run-time operational resilience and safety compliance to BVLOS autonomous missions. The SSOSA, is highly transferable to other mission scenarios and technologies, providing a pathway to implementing scalable and diverse autonomous services. | G7: 44288 | H7: 1 | I7: Free | J7: 0 | K7: Daniel Mitchell1 , Osama Zaki1 , Jamie Blanche1 , Joshua Roe1 , Leo Kong1 , Samuel Harper1 , Valentin Robu1 , Theodore Lim1 and David Flynn1 | L7: UK | M7: EN | N7: Cornell University | O7: Resources | P7: 1 | Q7: 3 | R7: 0 | S7: 3 | T7: 5 | U7: 0 | V7: =P7*'Data and TEMP'!$C$13+Q7*'Data and TEMP'!$C$14+R7*'Data and TEMP'!$C$15+S7*'Data and TEMP'!$C$16+T7*'Data and TEMP'!$C$17+U7*'Data and TEMP'!$C$18 -> 41 | W7: Yes
A8: 47 | B8: 47 | C8: First | D8: A Survey on Wearable Technology: History, State-of-the-Art and Current Challenges | E8: https://www.sciencedirect.com/science/article/pii/S1389128621001651 | F8: Technology is continually undergoing a constituent development caused by the appearance of billions new interconnected “things” and their entrenchment in our daily lives. One of the underlying versatile technologies, namely wearables, is able to capture rich contextual information produced by such devices and use it to deliver a legitimately personalized experience. The main aim of this paper is to shed light on the history of wearable devices and provide a state-of-the-art review on the wearable market. Moreover, the paper provides an extensive and diverse classification of wearables, based on various factors, a discussion on wireless communication technologies, architectures, data processing aspects, and market status, as well as a variety of other actual information on wearable technology. Finally, the survey highlights the critical challenges and existing/future solutions. | G8: 44294 | H8: 1 | I8: Free | J8: 0 | K8: AleksandrOmetovaViktoriiaShubinaaeLucieKlusadJustynaSkibińskacaSalwaSaaficaPavelPascaciodaLauraFlueratorueaDarwin QuezadaGaibordaNadezhdaChukhnobdOlgaChukhnobaAsadAliacAsmaChannaebEkaterinaSvertokaecWaleed BinQaimabRaúlCasanova-MarquéscdSylviaHolcerdcJoaquínTorres-SospedradSvenCasteleyndGiuseppeRuggeribGiuseppeAranitibRadimBurgetcJiriHosekcElena SimonaLohana | L8: Romania, Italy, Finland, Czech Republic, Spain | M8: EN | N8: ScienceDirect | O8: Consumer Goods | P8: 3 | Q8: 2 | R8: 0 | S8: 0 | T8: 5 | U8: 0 | V8: =P8*'Data and TEMP'!$C$13+Q8*'Data and TEMP'!$C$14+R8*'Data and TEMP'!$C$15+S8*'Data and TEMP'!$C$16+T8*'Data and TEMP'!$C$17+U8*'Data and TEMP'!$C$18 -> 40 | W8: Yes
A9: 3 | B9: 3 | C9: First | D9: Towards the future of smart electric vehicles: Digital twin technology | E9: https://www.sciencedirect.com/science/article/abs/pii/S1364032121000964?casa_token=kx_2PTXlEs4AAAAA:oqFYhQcW1vvY70gMcoa99mRX5vI0B2BUZ0zAiLrraWxgpm6TiwaEmM2hl7RlsUC5STxvsy3G | F9: Worldwide, transportation accounts for 18% of global carbon dioxide emissions (as of 2019). In order to battle the impending threat of climate change, consumers and industry must adopt sustainable transport that complies with the United Nations Sustainable Development Goals of increased energy efficiency and reduced greenhouse gas emissions. To fulfil these objectives, a new class of vehicles has recently emerged, smart electric vehicles, which is forecasted to reduce carbon dioxide emissions up to 43% as compared to diesel engine vehicles. However, to bring these vehicles to the mainstream, supporting architecture is needed to optimize them in a sustainable manner. One such novel architecture is Digital Twin Technology, which is a virtual mapping technology, extending from it, capable of investigating the lifecycle of multisystem bodies in a digital environment. In recent years, digital twin technology is becoming an underpinning area of research globally. As a result, novel individual research covering digital twin implementation on various aspects of smart vehicles has transpired in research and industrial studies, consequently allowing digital twin technology to evolve over the years. This work aims to bridge the gap between individual research to provide a comprehensive review from a technically-informed and academically neutral standpoint. Conceptual groundwork of digital twin technology is built systematically for the reader, to allow insight into its inception and evolution. The study sifts the digital twin domain for contributions in smart vehicle systems, exploring its potential and contemporaneous challenges to realization. The study then proceeds to review recent research and commercial projects for innovation within this domain. To the knowledge of the authors, this is the first extensive review of the application of digital twin technology in smart electric vehicles. The review has been systematically classified into specific domains within the smart vehicle system such as autonomous navigation control, advanced driver assistance systems, vehicle health monitoring, battery management systems, vehicle power electronics, and electrical power drive systems. An in-depth discussion of each vehicle subsystem is undertaken to present this review as an eclectic panorama of the smart vehicle system. This review further facilitates appreciation of the role of digital twin technology within each classification from a holistic technical perspective. Finally, the work ends with an inspection of the techno-socio-economic impact of digital twin technology that will revolutionize mainstream vehicle technology and the obstacles for further development. | G9: 44317 | H9: 1 | I9: Payment | J9: 37.95 | K9: GhanishthaBhattiaHarshitMohanbR.Raja Singh | L9: India | M9: EN | N9: ScienceDirect | O9: Automotive | P9: 0 | Q9: 4 | R9: 0 | S9: 2 | T9: 3 | U9: 1 | V9: =P9*'Data and TEMP'!$C$13+Q9*'Data and TEMP'!$C$14+R9*'Data and TEMP'!$C$15+S9*'Data and TEMP'!$C$16+T9*'Data and TEMP'!$C$17+U9*'Data and TEMP'!$C$18 -> 38 | W9: No
A10: 9 | B10: 9 | C10: First | D10: An Abstracted Survey on 6G: Drivers, Requirements, Efforts, and Enablers | E10: https://arxiv.org/abs/2101.01062 | F10: As of today, 5G mobile systems have been already widely rolled out, it is the right time for academia and industry to explore the next generation mobile communication system beyond 5G. To this end, this paper provides an abstracted survey for the 6G mobile system. We shed light on the key driving factors for 6G through predicting the growth trend of mobile traffic and mobile service subscriptions until the year of 2030, envisioning the potential use cases and applications, as well as deriving the potential use scenarios. Then, a number of key performance indicators to support the 6G use cases are identified and their target values are estimated in a quantitatively manner, which is compared with those of 5G clearly in a visualized way. An investigation of the efforts spent on 6G research in different countries and institutions until now is summarized, and a potential roadmap in terms of the definition, specification, standardization, and spectrum regulation is given. Finally, an introduction to potential key 6G technologies is provided. The principle, technical advantages, challenges, and open research issues for each identified technology are discussed | G10: 44200 | H10: 4 | I10: Free | J10: 0 | K10: Bin Han∗ , Wei Jiang† , Mohammad Asif Habibi∗ , and Hans D. Schotten∗† | L10: German | M10: EN | N10: Cornell University | V10: =P10*'Data and TEMP'!$C$13+Q10*'Data and TEMP'!$C$14+R10*'Data and TEMP'!$C$15+S10*'Data and TEMP'!$C$16+T10*'Data and TEMP'!$C$17+U10*'Data and TEMP'!$C$18 -> 0
A11: 10 | B11: 10 | C11: First | D11: Federated Learning Meets Blockchain in Edge Computing: Opportunities and Challenges | E11: https://ieeexplore.ieee.org/abstract/document/9403374 | F11: Mobile edge computing (MEC) has been envisioned as a promising paradigm to handle the massive volume of data generated from ubiquitous mobile devices for enabling intelligent services with the help of artificial intelligence (AI). Traditionally, AI techniques often require centralized data collection and training in a single entity, e.g., an MEC server, which is now becoming a weak point due to data privacy concerns and high overhead of raw data communications. In this context, federated learning (FL) has been proposed to provide collaborative data training solutions, by coordinating multiple mobile devices to train a shared AI model without directly exposing their underlying data, which enjoys considerable privacy enhancement. To improve the security and scalability of FL implementation, blockchain as a ledger technology is attractive for realizing decentralized FL training without the need for any central server. Particularly, the integration of FL and blockchain leads to a new paradigm, called FLchain, which potentially transforms intelligent MEC networks into decentralized, secure, and privacy-enhancing systems. This article presents an overview of the fundamental concepts and explores the opportunities of FLchain in MEC networks. We identify several main issues in FLchain design, including communication cost, resource allocation, incentive mechanism, security and privacy protection. The key solutions and the lessons learned along with the outlooks are also discussed. Then, we investigate the applications of FLchain in popular MEC domains, such as edge data sharing, edge content caching and edge crowdsensing. Finally, important research challenges and future directions are also highlighted. | G11: 44299 | H11: 2 | I11: Payment | J11: 33 | K11: Dinh C. Nguyen School of Engineering, Deakin University, Waurn Ponds, VIC 3216, Australia. (e-mail: cdnguyen@deakin.edu.au) Ming Ding Data61, CSIRO, Australia. Quoc-Viet Pham Korean Southeast Center for the 4th Industrial Revolution Leader Education, Pusan National University, Busan 46241, Korea. Pubudu N. Pathirana School of Engineering, Deakin University, Waurn Ponds, VIC 3216, Australia. Long Bao Le Institut National de la Recherche Scientifique, University of Quebec, Montreal, QC H5A 1K6, Canada. Aruna Seneviratne School of Electrical Engineering and Telecommunications, University of New South Wales (UNSW), NSW, Australia. Jun Li School of Electrical and Optical Engineering, Nanjing University of Science and Technology, Nanjing 210094, China. Dusit Niyato School of Computer Science and Engineering, Nanyang Technological University, Singapore. H. Vincent Poor Department of Electrical Engineering, Princeton University, Princeton, NJ 08544 USA. | L11: Australia; Korea; Canada; China; Singapore; USA | M11: EN | N11: IEEE | V11: =P11*'Data and TEMP'!$C$13+Q11*'Data and TEMP'!$C$14+R11*'Data and TEMP'!$C$15+S11*'Data and TEMP'!$C$16+T11*'Data and TEMP'!$C$17+U11*'Data and TEMP'!$C$18 -> 0
A12: 11 | B12: 11 | C12: First | D12: DATA CENTER INFRASTRUCTURE MANAGEMENT | E12: https://onlinelibrary.wiley.com/doi/abs/10.1002/9781119597537.ch33 | F12: Data center infrastructure management (DCIM) is a critical management solution for data centers that has been used in data center industry and proven successfully. Today's DCIM solutions include all of the necessary functions to allow a fully functional production data center to be streamlined and support all of the required material provisioning, optimization, remediation, and documentation over time. Comprehensive DCIM suites are usually created as a range of functional modules that are intended to work together seamlessly. DCIM implementations provide a comprehensive set of asset management capabilities in the data center. Advances in computing technology, mergers, and acquisitions, DCIM supports the commissioning and decommissioning of vast amounts of computing equipment typically found in data center consolidation projects. In addition to the static attributes, the data center can provide a wealth of dynamic information that is derived from complementary technologies, sometimes referred to as “DCIM‐Specialist” solutions. | G12: 44306 | H12: 5 | I12: Payment | J12: 42 | K12: Dongmei Huang | L12: China | M12: EN | N12: Hwaiyu Geng P.E., | V12: =P12*'Data and TEMP'!$C$13+Q12*'Data and TEMP'!$C$14+R12*'Data and TEMP'!$C$15+S12*'Data and TEMP'!$C$16+T12*'Data and TEMP'!$C$17+U12*'Data and TEMP'!$C$18 -> 0
A13: 12 | B13: 12 | C13: First | D13: Cloud-Edge Computing for Cyber-Physical Systems and Internet-of-Things | E13: https://ieeexplore.ieee.org/abstract/document/9373962 | F13: This Special Section on ‘`Cloud-Edge Computing for Cyber-Physical Systems and Internet-of-Things’' is oriented to the dissemination of a few of those latest research and innovation results, covering many aspects of design, optimization, implementation, and evaluation of emerging cloud-edge solutions for CPS and IoT applications. The selected high-quality contributions cover a broad range of novel technologies and application scenarios in CPS and IoT. We hope that these accepted papers will produce long-lasting impacts, as well as stimulating and encouraging the international community to work on this exciting and impactful topic. | G13: 44264 | H13: 3 | I13: Payment | J13: 33 | K13: Shiyan Hu University of Southampton, 7423 Southampton, United Kingdom of Great Britain and Northern Ireland, SO17 1BJ (e-mail: s.hu@soton.ac.uk) Yang Shi Department of Mechanical Engineering, University of Victoria, Victoria, British Columbia, Canada, V8W 3P6 (e-mail: yshi@uvic.ca) Armando Colombo Institute for Industrial Informatics, Hochschule Emden Leer, 38976 Emden, Niedersachsen, Germany, 26723 (e-mail: awcolombo@technik-emden.de) Stamatis Karnouskos Research, SAP, 217964 Walldorf, Germany, 69190 (e-mail: karnouskos@ieee.org) Xin Li Duke University, Durham, United States, 27519 (e-mail: xinli.ece@duke.edu) | L13: UK; Canada; Germany; USA | M13: EN | N13: IEEE | V13: =P13*'Data and TEMP'!$C$13+Q13*'Data and TEMP'!$C$14+R13*'Data and TEMP'!$C$15+S13*'Data and TEMP'!$C$16+T13*'Data and TEMP'!$C$17+U13*'Data and TEMP'!$C$18 -> 0
A14: 13 | B14: 13 | C14: First | D14: Combining symbiotic simulation systems with enterprise data storage systems for real-time decision-making | E14: https://www.tandfonline.com/doi/full/10.1080/17517575.2020.1777587?casa_token=bqGKfwIBuuwAAAAA%3AAUz1Qlg1pV7M2LUmBLCItppzdphVc0Z69p0SstoWQvtw8yMz0BL6-bb7IXyRv253pbcnf7r6ik0 | F14: A symbiotic simulation system (S3) enables interactions between a physical system and its computational model representation. To support operational decisions, an S3 uses real-time data from the physical system, which is gathered via sensors and saved in an enterprise data storage system (EDSS). Both real-time and historical data are then used as inputs to the different components of an S3. This paper proposes a generic system architecture for an S3 and discusses its integration within EDSSs. The paper also reviews the literature on S3 and analyses how these systems can be used for real-time decision-making. | G14: 44000 | H14: 2 | I14: Free | J14: 0 | K14: B. S. Onggo , Canan G. Corlu , Angel A. Juan , Thomas Monks & Rocio de la Torre | L14: UK; Spain; USA | M14: EN | N14: Taylor & Francis | V14: =P14*'Data and TEMP'!$C$13+Q14*'Data and TEMP'!$C$14+R14*'Data and TEMP'!$C$15+S14*'Data and TEMP'!$C$16+T14*'Data and TEMP'!$C$17+U14*'Data and TEMP'!$C$18 -> 0
A15: 14 | B15: 14 | C15: First | D15: Sustainable Cities and Landscape Virtual Conference and PhD Symposium | E15: https://auckland.figshare.com/articles/conference_contribution/Book_of_Abstracts_of_the_4th_APRU_Sustainable_Cities_and_Landscapes_Virtual_PhD_Symposium_/13374599/files/26271247.pdf | F15: Sustainable Cities and Landscape Virtual Conference and PhD Symposium | G15: 44183 | H15: 3 | I15: Free | J15: 0 | K15: prof Bart Johnson | L15: New Zeland | M15: EN | N15: APRU | V15: =P15*'Data and TEMP'!$C$13+Q15*'Data and TEMP'!$C$14+R15*'Data and TEMP'!$C$15+S15*'Data and TEMP'!$C$16+T15*'Data and TEMP'!$C$17+U15*'Data and TEMP'!$C$18 -> 0
A16: 15 | B16: 15 | C16: First | D16: Ultra-Low Latency Multi-Task Offloading in Mobile Edge Computing | E16: https://ieeexplore.ieee.org/abstract/document/9360636 | F16: With the development of computer technology, computational-intensive and delay-sensitive applications are emerging endlessly, and they are limited by the computing power and battery life of Smart Mobile Devices (SMDs). Mobile edge computing (MEC) is a computation model with great potential to meet application requirements and alleviate burdens on SMDs through computation offloading. However, device mobility and server status variability in the multi-server and multi-task scenario bring challenges to the computation offloading. To cope with these challenges, we first propose a parallel task offloading model and a small area-based edge offloading scheme in MEC. Then, we formulate the optimization problem to minimize the completion time of all tasks, and transform the problem into a deep reinforcement learning-based offloading scheme by Markov decision approach. Furthermore, we present a deep deterministic policy gradient (DDPG) approach for obtaining the offloading strategy. Experimental results demonstrate that the DDPG- based offloading approach improves long-term performance by at least 19% in ultra-low latency, efficient usage of servers, and frequent mobility of SMDs over traditional strategies | G16: 44257 | H16: 4 | I16: Free | J16: 0 | K16: HONGXIA ZHANG 1 , YONGJIN YANG1 , XINGZHE HUANG 1 , CHAO FANG 2,3, (Senior Member, IEEE), AND PEIYING ZHANG | L16: China | M16: EN | N16: IEEE | V16: =P16*'Data and TEMP'!$C$13+Q16*'Data and TEMP'!$C$14+R16*'Data and TEMP'!$C$15+S16*'Data and TEMP'!$C$16+T16*'Data and TEMP'!$C$17+U16*'Data and TEMP'!$C$18 -> 0
A17: 16 | B17: 16 | C17: First | D17: Emerging digitalisation technologies in freight transport and logistics: Current trends and future directions | E17: https://www.sciencedirect.com/science/article/pii/S136655452100065X?casa_token=V0Nkn9FQ_OoAAAAA:EaVeBK-BrBf2E4_lD0nMo8SOF7Mch0-lj2l_ya_z_MSug6FClj1vWevwIQOs87JIB_U66pdX | F17: This editorial piece discusses the current digitalisation trends and future research directions in freight transport and logistics. We characterise the current trends into three categories based on their transformative roles: connecting, collaborating, and capitalising. Under each category, we discuss the key technologies that are emerging and how they drive major changes in supply chain and logistics systems. We then introduce the special issue papers which address some of the topics under the proposed categories. The article ends with identifying the gaps in the literature and proposes a list of potential topics for future research. | G17: 44274 | H17: 2 | I17: Free | J17: 0 | K17: YingliWangaJosephSarkisb | L17: UK; Finland | M17: EN | N17: ScienceDirect | V17: =P17*'Data and TEMP'!$C$13+Q17*'Data and TEMP'!$C$14+R17*'Data and TEMP'!$C$15+S17*'Data and TEMP'!$C$16+T17*'Data and TEMP'!$C$17+U17*'Data and TEMP'!$C$18 -> 0
A18: 17 | B18: 17 | C18: First | D18: Intelligent IOT for Digital World | E18: https://books.google.pl/books?hl=pl&lr=&id=pkUoEAAAQBAJ&oi=fnd&pg=PR9&dq=%22edge%22+%22digital+twin%22+%22mobility%22+%22security%22+%22experience%22&ots=3I-dcZ2FQJ&sig=sHrOZqa0indTlu8sfeR-XLkKZJM&redir_esc=y#v=onepage&q&f=false | F18: The Intelligent Internet of Things explores a unique type of Internet of Things (IoT) architecture, for example, the Web of Things (WoT) with its open character that breaks the barriers among various IoT vertical applications. The authors—noted experts on the topic—examine and compare key technologies from physical to platform level, especially the Narrow Band Internet of Things (NB-IoT) technology. They discuss applications with different data transmission requirements that are typical to IoT. The text also describes the requirements of WoT applications on 5G and includes detailed information on WoT technologies. The Intelligent Internet of Things examines three typical WoT applications: the monitoring application of south-to-north water diversion projects; smart driving applications; and network optimization applications. In addition, the text explores testing and authentication of IoT key technologies, with the required equipment, platform, and outdoor environment development. This important book: Provides information on what IoT/WoT is, when to use it, how to provide IoT services with certain technologies, and more Discusses restful architecture, main protocols (ZigBee, 6lowpan, CoAP, HTML5) Explores key technologies on different layers (sensing, gathering, application) Examines how IoT will change the information and communication technology industry Written for professionals working in IoT development, management and big data analytics, Intelligent Internet of Things offers an overview of IoT architecture, key technology, current applications and future development of the technology. | G18: 44294 | H18: 3 | I18: Free | J18: 0 | K18: Yang Yang (Author), Xu Chen (Author), Rui Tan (Author), Yong Xiao (Author) | L18: USA | M18: EN | N18: Wiley | V18: =P18*'Data and TEMP'!$C$13+Q18*'Data and TEMP'!$C$14+R18*'Data and TEMP'!$C$15+S18*'Data and TEMP'!$C$16+T18*'Data and TEMP'!$C$17+U18*'Data and TEMP'!$C$18 -> 0
A19: 18 | B19: 18 | C19: First | D19: A Survey on Edge and Edge-Cloud Computing Assisted Cyber-Physical Systems | E19: https://ieeexplore.ieee.org/abstract/document/9403939/authors#authors | F19: In recent years, the investigations on Cyber-Physical Systems~(CPS) have become increasingly popular in both academia and industry. A primary obstruction against the booming deployment of CPS applications lies in how to process and manage large amounts of generated data for decision making. To tackle this predicament, researchers advocate the idea of coupling edge computing or edge-cloud computing into the design of CPS. However, this coupling process raises a diversity of challenges to the Quality-of-Services~(QoS) of CPS applications. In this paper, we present a survey on edge computing or edge-cloud computing assisted CPS designs from the QoS optimization perspective. We first discuss critical challenges in service latency, energy consumption, security, privacy, and reliability during the integration of CPS with edge computing or edge-cloud computing. Afterwards, we give an overview on the state-of-the-art works tackling different challenges for QoS optimization, and present a systematic classification during outlining literatures for highlighting their similarities and differences. We finally summarize the experiences learned from surveyed works and envision future research directions on edge computing or edge-cloud computing assisted CPS optimization | G19: 44299 | H19: 2 | I19: Payment | J19: 33 | K19: Kun Cao Guangzhou, China, 510632 (e-mail: kuncao@jnu.edu.cn) Shiyan Hu University of Southampton, 7423 Southampton, United Kingdom of Great Britain and Northern Ireland, SO17 1BJ (e-mail: s.hu@soton.ac.uk) Yang Shi Department of Mechanical Engineering, University of Victoria, Victoria, British Columbia, Canada, V8W 3P6 (e-mail: yshi@uvic.ca) Armando Colombo Institute for Industrial Informatics, Hochschule Emden Leer, 38976 Emden, Niedersachsen, Germany, 26723 (e-mail: awcolombo@technik-emden.de) Stamatis Karnouskos Research, SAP, 217964 Walldorf, Germany, 69190 (e-mail: karnouskos@ieee.org) Xin Li Duke University, Durham, United States, 27519 (e-mail: xinli.ece@duke.edu) | L19: China; UK; Canada; Germany US | M19: EN | N19: IEEE | V19: =P19*'Data and TEMP'!$C$13+Q19*'Data and TEMP'!$C$14+R19*'Data and TEMP'!$C$15+S19*'Data and TEMP'!$C$16+T19*'Data and TEMP'!$C$17+U19*'Data and TEMP'!$C$18 -> 0
A20: 19 | B20: 19 | C20: First | D20: A Fully Open-Source Approach to Intelligent Edge Computing: AGILE’s Lesson | E20: https://www.mdpi.com/1424-8220/21/4/1309 | F20: In this paper, we describe the main outcomes of AGILE (acronym for “Adaptive Gateways for dIverse muLtiple Environments”), an EU-funded project that recently delivered a modular hardware and software framework conceived to address the fragmented market of embedded, multi-service, adaptive gateways for the Internet of Things (IoT). Its main goal is to provide a low-cost solution capable of supporting proof-of-concept implementations and rapid prototyping methodologies for both consumer and industrial IoT markets. AGILE allows developers to implement and deliver a complete (software and hardware) IoT solution for managing non-IP IoT devices through a multi-service gateway. Moreover, it simplifies the access of startups to the IoT market, not only providing an efficient and cost-effective solution for industries but also allowing end-users to customize and extend it according to their specific requirements. This flexibility is the result of the joint experience of established organizations in the project consortium already promoting the principles of openness, both at the software and hardware levels. We illustrate how the AGILE framework can provide a cost-effective yet solid and highly customizable, technological foundation supporting the configuration, deployment, and assessment of two distinct showcases, namely a quantified self application for individual consumers, and an air pollution monitoring station for industrial settings. | G20: 44239 | H20: 3 | I20: Free | J20: 0 | K20: Massimo Vecchio 1,*OrcID,Paolo Azzoni 2OrcID,Andreas Menychtas 3,4OrcID,Ilias Maglogiannis 4OrcID andAlexander Felfernig 5OrcID | L20: Italy; Austria; Greece | M20: EN | N20: MDPI | V20: =P20*'Data and TEMP'!$C$13+Q20*'Data and TEMP'!$C$14+R20*'Data and TEMP'!$C$15+S20*'Data and TEMP'!$C$16+T20*'Data and TEMP'!$C$17+U20*'Data and TEMP'!$C$18 -> 0
A21: 20 | B21: 20 | C21: First | D21: CREATIVITY FORWARD: A FRAMEWORK THAT INTEGRATES DATA ANALYSIS TECHNIQUES TO FOSTER CREATIVITY WITHIN THE CREATIVE PROCESS IN USER EXPERIENCE CONTEXTS | E21: https://journals.vgtu.lt/index.php/CS/article/view/12933 | F21: The latest technological advancements allow users to generate a large volume of data related to their experiences and needs. However, the absence of an advanced methodology that links the big data and the creative process prevents the effective use of the data and extracting all its potential and knowledge in this context, which is crucial in offering user-centred solutions. Incorporating data creatively and critically as design material can help us learn and understand user needs better. Therefore, design can bring deeper meaning to data, just as data can enhance design practice. Accordingly, this work raises a reflection on whether designers could appropriate the workflow of data science in order to integrate it into the research process in the creative process within a framework of user experience analysis. The proposed model: data-driven design model, enhances the exploratory design of problem space and assists in the creation of ideas during the conceptual design phase. In this way, this work offers an integrated vision, enhancing creativity in industrial design as an instrument for the achievement of the proper and necessary balance between intuition and reason, design, and science. | G21: 44252 | H21: 5 | I21: Free | J21: 0 | K21: Juan Carlos Quiñones-Gómez | L21: Spain | M21: EN | N21: Creativity Studies | V21: =P21*'Data and TEMP'!$C$13+Q21*'Data and TEMP'!$C$14+R21*'Data and TEMP'!$C$15+S21*'Data and TEMP'!$C$16+T21*'Data and TEMP'!$C$17+U21*'Data and TEMP'!$C$18 -> 0
A22: 8 | B22: 8 | C22: First | D22: Mobile Edge Computing for Intelligent Minining Safety: A case study of Ventilator | E22: https://conferences.computer.org/ispapub/pdfs/ISPA-BDCloud-SocialCom-SustainCom2020-61uthIiswrO37XTCl0drpO/319900b300/319900b300.pdf | F22: undergrund minimig; MEC is the right candidate for such scenario (analyzing miner's body condition) | G22: 2020 | H22: 1 | I22: Free | J22: 0 | K22: Yuchun Zhang, Liang Zhao, Kaiqi Yang, Lexi Xu | L22: China | M22: EN | N22: IEEE | O22: Resources | P22: 4 | Q22: 1 | R22: 0 | S22: 4 | T22: 0 | U22: 1 | V22: =P22*'Data and TEMP'!$C$13+Q22*'Data and TEMP'!$C$14+R22*'Data and TEMP'!$C$15+S22*'Data and TEMP'!$C$16+T22*'Data and TEMP'!$C$17+U22*'Data and TEMP'!$C$18 -> 38 | W22: Yes
A23: 22 | B23: 22 | C23: First | D23: A Review of Design and Protocol for Smart Continuos Monitoring E-Health System in 5G | E23: https://books.google.pl/books?hl=pl&lr=&id=lqkhEAAAQBAJ&oi=fnd&pg=PA467&dq=%22edge%22+%22digital+twin%22+%22mobility%22+%22security%22+%22experience%22&ots=fZX07xXNYy&sig=cBlkA7NKmXiG_eo7BVl2BzYiM_w&redir_esc=y#v=onepage&q&f=false | F23: healthcare 4G 5g. This paper reviews the design and protocols for smart continous monitoring e-health systems using 5g networks. | G23: 44259 | H23: 4 | I23: Free | J23: 0 | K23: Anline Lizie R. Gomathy C. | L23: India | M23: EN | N23: (Editor), N. Sivakumaran (Editor), Santoshkumar Hampannavar (Editor) | V23: =P23*'Data and TEMP'!$C$13+Q23*'Data and TEMP'!$C$14+R23*'Data and TEMP'!$C$15+S23*'Data and TEMP'!$C$16+T23*'Data and TEMP'!$C$17+U23*'Data and TEMP'!$C$18 -> 0
A24: 23 | B24: 23 | C24: First | D24: Factors that Impact Information Technology Security Professionals’ Intent to Use Intrusion Detection Systems: A Correlational Study | E24: https://search.proquest.com/openview/09d4bb4604aaeb6bb15b38be6997b178/1?pq-origsite=gscholar&cbl=18750&diss=y | F24: The present study examined the extent to which performance expectancy, effort expectancy, social influence, and facilitating conditions correlate to information technology security professionals' intention to use intrusion detection systems (IDS) to improve Internet of Things (IoT) security. IoT security threats and vulnerabilities have become a major concern for organizations worldwide. The emergence of IoT systems created a need for innovation in security adoption countermeasure. Research has shown that using IDS positively impacted IoT security. This quantitative nonexperimental correlational study measured the four adoption factors of the unified theory of acceptance and use of technology (UTAUT) theory to determine their influence on the information technology (IT) security professional behavioral intention to used IDS to improve IoT security. A survey questionnaire was used to collect data from 111 IT security professionals between the ages of 27-65 and five or more years’ experience working with IDS for IoT environment in the United States. This study refrained from collecting personal data on the consenting participants. Data collected were analyzed using multiple linear regression analyses. The regression model was examined to determine whether the UTAUT’s independent variables significantly correlated with the intention to adopt active cybersecurity measures. Multiple linear regression served as the primary analysis method to determine each adoption factor's significance in using IDS in the IoT environment. The result of the study indicates that the study was not able to validate some of the UTAUT model propositions using the multiple linear regression analysis. The Multiple linear regression analysis results indicated that most of the UTAUT proposition was shown to have no effect on using IDS for improved IoT security. Except for the predictor effort expectancy correlated to the behavioral intention to use IDS in the IoT environment. Our explanation of the UTAUT model is limited since no information is available about the actual use of the IDS in the IoT environment. To better understand IT security professionals’ acceptance of IDS for the IoT environment, more research is required to take a broad view of the findings of this viability project to an upcoming, wide adaptation of IDS for the IoT environment. | G24: 44256 | H24: 4 | I24: Free | J24: 0 | K24: Marcos Paiola WERNER D. GOTTWALD, PhD, CCP, PMP, Faculty Mentor and Chair PHILLIP M. RANDALL, PhD, Committee Member BRUCE CHAPMAN, PhD, Committee Member Todd C. Wilson, PhD, Dean | L24: USA | M24: EN | N24: ProQuest | V24: =P24*'Data and TEMP'!$C$13+Q24*'Data and TEMP'!$C$14+R24*'Data and TEMP'!$C$15+S24*'Data and TEMP'!$C$16+T24*'Data and TEMP'!$C$17+U24*'Data and TEMP'!$C$18 -> 0
A25: 24 | B25: 24 | C25: First | D25: Service Characteristics-Oriented Joint Optimization of Radio and Computing Resource Allocation in Mobile Edge Computing | E25: https://ieeexplore.ieee.org/abstract/document/9352016/authors#authors | F25: Mobile Edge Computing (MEC) is a promising technology, which allows reducing latency and energy consumption, thereby making the user experience better. Although MEC can support various types of services, differentiated quality of service (QoS) requirements bring difficulties and challenges to the allocation of radio resources and computing resources of the MEC system. In this paper, we jointly optimize subchannel allocation, as well as the local central processing unit (CPU) speed scaling, user association, subcarrier assignment, power allocation, and video quality decision for MEC systems to study the total cost saving problem. Considering the traffic variations, we develop an online algorithm by using the Lyapunov optimization technique to solve this problem, referred to as dynamic subchannel allocation and resource allocation (DSARA). Particularly, the proposed DSARA algorithm only needs to track the state of the current network without requiring any prior knowledge. Besides, we prove that our proposed algorithm can asymptotically achieve the minimum total cost value (such as minimizing the power consumption and maximizing quality satisfaction). Simulation results show that the DSARA can achieve a good tradeoff between the total cost and delay, and outperforms the existing schemes in terms of the total cost expenditure. | G25: 44237 | H25: 4 | I25: Payment | J25: 33 | K25: Jie Feng State Key Laboratory of ISN, Xidian University, No.2 Taibainan-lu, Xi’an, 710071, Shaanxi, China. Lei Liu State Key Laboratory of ISN, Xidian University, No.2 Taibainan-lu, Xi’an, 710071, Shaanxi, China. (e-mail: tianjiaoliulei@163.com) Qingqi Pei State Key Laboratory of ISN, Xidian University, No.2 Taibainan-lu, Xi’an, 710071, Shaanxi, China. Fen Hou State Key Laboratory of Io T for Smart City and Department of Electrical and Computer Engineering, University of Macau, Macau, China, and also with the Guangdong. Tingting Yang School of Electrical Engineering and Intelligentization, Dongguan University of Technology, Dongguan, China and also with Pengcheng Laboratory, Shenzhen, China. Jinsong Wu School of Artificial Intelligence, Guilin University of Electronic Technology, Guilin, China and also with the Department of Electrical Engineering, Universidad de Chile, Santiago 8370451, Chile. | L25: China, Chile | M25: EN | N25: IEEE | V25: =P25*'Data and TEMP'!$C$13+Q25*'Data and TEMP'!$C$14+R25*'Data and TEMP'!$C$15+S25*'Data and TEMP'!$C$16+T25*'Data and TEMP'!$C$17+U25*'Data and TEMP'!$C$18 -> 0
A26: 25 | B26: 25 | C26: First | D26: Efficient Workload Allocation and User-Centric Utility Maximization for Task Scheduling in Collaborative Vehicular Edge Computing | E26: https://ieeexplore.ieee.org/abstract/document/9372968 | F26: By integrating Mobile Edge Computing (MEC) into vehicular networks, vehicular edge computing extends computing capability to the vehicular network edge and hosts services in close proximity of connected vehicles. Parked Vehicles (PVs) occupy a large portion of the global vehicle and have idle states and resources. They collaborate with the MEC servers for cooperative task processing. This gives rise to a new computing paradigm, called by Collaborative Vehicular Edge Computing ( CVEC ). In CVEC, we introduce an offloading service provider that deploys an MEC server and schedules PVs on demand to handle offloading tasks. Efficient workload allocation and user-centric utility maximization are studied to optimize the network-wide task scheduling. In dynamic environment, offloading destination of each task is determined in a probabilistic manner. When necessary, the offloading service provider represents an offloading user to design a contract based incentive mechanism for the PVs. Based on contract theory and prospect theory, we model the offloading user's subjective evaluations on the utility in computation offloading, and derive an optimal contract to maximize the subjective utility under information asymmetry. Finally, numerical results are provided to demonstrate the effectiveness and efficiency of our scheme. | H26: 3 | I26: Payment | J26: 33 | K26: Xumin Huang; Rong Yu; Dongdong Ye; Lei Shu; Shengli Xie | L26: China, UK | M26: EN | N26: IEEE | V26: =P26*'Data and TEMP'!$C$13+Q26*'Data and TEMP'!$C$14+R26*'Data and TEMP'!$C$15+S26*'Data and TEMP'!$C$16+T26*'Data and TEMP'!$C$17+U26*'Data and TEMP'!$C$18 -> 0
A27: 26 | B27: 26 | C27: First | D27: C-Ports: a proposal for a comprehensive standardization and implementation plan of digital services offered by the "Port of the Future" | E27: https://arxiv.org/abs/2104.13175 | F27: In this paper we address the topic of a possible path to standardize the ICT services expected to be delivered by the socalled “Port of the Future”. A survey of the most relevant technologies and Information Systems used by the Port Communities for their businesses is discussed together with a detailed analysis of the on-going actions carried on by Standard Setting Organizations. Considering the examples given by the C-ITS Platform and the C-Roads programme at EU level, a proposal of contents to be considered in a comprehensive standardization action is proposed. The innovation services are therefore grouped into four bundles: (i) Vessel & Marine Navigation, (ii) e-Freight & (Intermodal) Logistics, (iii) Passenger Transport, (iv) Environmental control. Considering the good practice and the background offered by the Port of Livorno in terms of innovation actions, the prospected final user applications are then labeled as Day 1, Day 1.5, and Day 2 services in consideration of the technical and commercial gaps to be filled. | G27: 44313 | H27: 3 | I27: Free | J27: 0 | K27: P.Pagano | L27: Italy | M27: EN | N27: Cornell University | V27: =P27*'Data and TEMP'!$C$13+Q27*'Data and TEMP'!$C$14+R27*'Data and TEMP'!$C$15+S27*'Data and TEMP'!$C$16+T27*'Data and TEMP'!$C$17+U27*'Data and TEMP'!$C$18 -> 0
A28: 27 | B28: 27 | C28: First | D28: Decades of Internet of Things towards 21st Century: A Research-Based Introspective | E28: https://www.researchsquare.com/article/rs-193005/latest.pdf | F28: Internet connects people to people, people to machine, and machine to machine for a life of serendipity through a Cloud. Internet of Things networks objects or people and integrates them with software to collect and exchange data. The Internet of things (IoT) influences our lives based on how we ruminate, respond, and anticipate. IoT 2020 heralds from the fringes to the data ecosystem and panaches a comfort zone. IoT is overwhelmingly embraced by businessmen and consumers due to increased productivity and convenience. Internet of Things facilitates intelligent device control with cloud vendors like Amazon and Google using artificial intelligence for data analytics, and with digital assistants like Alexa and Siri providing a voice user interface. Smart IoT is all about duplex connecting, processing, and implementing. Centralized IoT architecture is vulnerable to cyber-attacks. With Block Chain, it is possible to maintain transparency and security of the transaction's data. Standardization of IoT devices is achievable with limited vendors based on Platform, Connectivity, and Application. Robotic Process Automation (RPA) using bots has automated laborious tasks in 2019. Embedded Internet using Facial Recognition could reduce the pandemic crisis. Security concerns are addressed with micro-segmentation approaches. IoT, an incredible vision of the future makes systems adaptive with customized features, responsive with increased efficiency, and procurable with optimized cost. This paper delivers a comprehensive insight into the technical perspectives of IoT, focusing on interoperability, flexibility, scalability, mobility, security, transparency, standardization, and low energy. A smart classroom is implemented based on the concepts of IoT | G28: 44197 | H28: 2 | I28: Free | J28: 0 | K28: B. Nagajayanthi | L28: India | M28: EN | N28: Vellore Institute of Technology, Chennai Campus, India | V28: =P28*'Data and TEMP'!$C$13+Q28*'Data and TEMP'!$C$14+R28*'Data and TEMP'!$C$15+S28*'Data and TEMP'!$C$16+T28*'Data and TEMP'!$C$17+U28*'Data and TEMP'!$C$18 -> 0
A29: 28 | B29: 28 | C29: First | D29: The Future with Industry 4.0 at the Core of Society 5.0: Open Issues, Future Opportunities and Challenges | E29: https://ieeexplore.ieee.org/abstract/document/9402498 | F29: Developing technologies, advancement in science, evolving globalized perspectives and the massive dependence on digital platform for a routine sustenance has led to the core building of Industry 4.0. In general, industry 4.0 focuses on the metamorphosis of all industrial components with the help of strong digital support. It's very often interlinked with the successful fourth industrial revolution. It is to be noted that the very fourth outburst of industrialization plunges forward in order to achieve an optimized and sustained form of production. With the uplift of the fourth generation of this stirring revolution, the efficient extraction of advanced informatics analytics along with internetworked machines have grown to a great extent, complementing the digital platform. On the other hand, society 5.0 involves a human centric community which is capable of striking a balance between the economical proliferations and resolving societal liabilities by the core combination of cyber and physical space. Just like how industry 4.0 carries out the digital transformation of every industrial perspective, society 5.0 encourages mundane life to leap towards a digital revamp expanding across different tiers of the community. Indeed, the rapid change of information and Communication Technology along with the portrayal of society 5.0 as a global trend and a key aspect of the Science and Technology Basic plan, the interplay of the two proves to be a constant support for each other. This paper discusses about the future look of industry 4.0 and society 5.0 and elaborates on the challenges and opportunities rooted from them. | G29: 44225 | H29: 2 | I29: Payment | J29: 33 | K29: Meghna M Nair School of Computer Science and Engineering, Vellore Institute of Technology, Chennai, Tamilnadu, India Amit Kumar Tyagi School of Computer Science and Engineering, Vellore Institute of Technology, Chennai, Tamilnadu, India N Sreenath Pondicherry Engineering College, Puducherry, India | L29: India | M29: EN | N29: IEEE | V29: =P29*'Data and TEMP'!$C$13+Q29*'Data and TEMP'!$C$14+R29*'Data and TEMP'!$C$15+S29*'Data and TEMP'!$C$16+T29*'Data and TEMP'!$C$17+U29*'Data and TEMP'!$C$18 -> 0
A30: 29 | B30: 29 | C30: First | D30: Conceptualising airport digital maturity and dimensions of technological and organisational transformation | E30: https://www.ingentaconnect.com/content/hsp/cam/2021/00000015/00000002/art00008 | F30: As airports undergo digital transformation, ie a paradigmatic shift in the way digital technologies are adopted and used, there is a need for actionable insights to ensure that airport digital maturity is achieved. Using an integrative review of literature, this paper develops an airport digital maturity model, focusing mainly on a passenger experience perspective. The paper then delineates two dimensions of digital transformation — technological and organisational. Subsequently, an airport digital transformation model is conceptualised to identify key factors that airports need to consider when transforming their business and interesting lines of enquiry for future research. Insights offered by the model are relevant to both practitioners and researchers interested in conducting future studies in this area. | G30: 44256 | H30: 2 | I30: OnDemand | J30: 0 | K30: HALPERN, NIGEL 1 ; BUDD, THOMAS 2 ; SUAU-SANCHEZ, PERE 3 ; BRÅTHEN, SVEIN 4 ; MWESIUMO, DEODAT | L30: Norway, UK | M30: EN | N30: Ingenta connect | V30: =P30*'Data and TEMP'!$C$13+Q30*'Data and TEMP'!$C$14+R30*'Data and TEMP'!$C$15+S30*'Data and TEMP'!$C$16+T30*'Data and TEMP'!$C$17+U30*'Data and TEMP'!$C$18 -> 0
A31: 30 | B31: 30 | C31: First | D31: Automation in Mobility | E31: https://link.springer.com/chapter/10.1007/978-3-030-54883-4_3 | F31: Future mobility seems leaving the idea of individual mobility; the key motivation seems to be autonomous or at least automated driving. Machine learning and artificial intelligence get their revival, but the automotive industry could not find the right context yet. All that cyberart and cyberchallenges sound similar to the first automation ideas more than 100 years ago. In the late fifties of last millennium, the new science became famous and called “cybernetics” | G31: 44092 | H31: 4 | I31: Payment | J31: 117.69 | K31: Hans-Leo Ross | L31: Germany | M31: EN | N31: SpringerLink | V31: =P31*'Data and TEMP'!$C$13+Q31*'Data and TEMP'!$C$14+R31*'Data and TEMP'!$C$15+S31*'Data and TEMP'!$C$16+T31*'Data and TEMP'!$C$17+U31*'Data and TEMP'!$C$18 -> 0
A32: 31 | B32: 31 | C32: First | D32: Unit-3 Technology used in E-Commerce | E32: http://www.egyankosh.ac.in/bitstream/123456789/72085/1/Unit-3.pdf | F32: list the building blocks of e-Commerce; ● understand the difference between app based and web based business; ● know the features of technologies used in e-Commerce; ● understand how to build, design & launch e-Commerce website; ● differentiate between app based and web based business; ● understand the impact of emerging technologies of e-commerce with special reference to Platform Economy.; and 40 Basics of E-Commerce ● Understand the concept of Digital Transformation with special reference to Commerce. | G32: 44197 | H32: 5 | I32: Free | J32: 0 | K32: C. Malhotra | L32: India | M32: EN | N32: Ignou | V32: =P32*'Data and TEMP'!$C$13+Q32*'Data and TEMP'!$C$14+R32*'Data and TEMP'!$C$15+S32*'Data and TEMP'!$C$16+T32*'Data and TEMP'!$C$17+U32*'Data and TEMP'!$C$18 -> 0
A33: 32 | B33: 32 | C33: First | D33: Research on the Construction Effect Evaluation System of Smart CBD: A Case Study in Jiangbei New District, Nanjing, China | E33: https://www.hindawi.com/journals/ace/2021/6683491/ | F33: With the update and development of technologies such as IoT, the smart city revolution is boosting construction. Several excellent CBD construction projects designed in smart city construction models have emerged around the world. Exploring the construction model of the CBD through the establishment of an evaluation index system of construction effect is of great significance for CBD’s future development. ,e main objective of this study is to analyze the factors that affect the effectiveness of the construction of the CBD by using the Delphi method and AHP and to provide a systematic method to establish an index evaluation system for the construction effect of the smart CBD, which reflects the influencing factors of the construction effect in the CBD district from six perspectives: construction, management, service, innovation, strategy, and users. ,is paper also introduces the construction and development of CBD in the Jiangbei New District in Nanjing, China, and uses the indicator system established in this study to evaluate its construction effect. ,is paper establishes a four-level indicator system, from general to specific, and discusses the degree of impact of each indicator on the effectiveness of smart CBD construction. In order to obtain the initial evaluation data more accurately, this study classified the survey subjects into three categories, which are managers, commercial enterprise users, and ordinary residents. Finally, through the analysis of the evaluation results, the effectiveness of the construction of the Jiangbei New District CBD was evaluated, and the focus of the future smart CBD construction was pointed out. ,e evaluation index system for the construction effect of the smart CBD established is considered to supply a good foundation for the CBD-related study | G33: 44240 | H33: 2 | I33: Free | J33: 0 | K33: Min Hong , 1 Caihong Peng , 2 Mi Niu , 2 and Zhao Xu 1 | L33: China | M33: EN | N33: Hindawi | V33: =P33*'Data and TEMP'!$C$13+Q33*'Data and TEMP'!$C$14+R33*'Data and TEMP'!$C$15+S33*'Data and TEMP'!$C$16+T33*'Data and TEMP'!$C$17+U33*'Data and TEMP'!$C$18 -> 0
A34: 7 | B34: 7 | C34: First | D34: The National Digital Twin of the UK – a knowledge-graph approach | E34: https://como.ceb.cam.ac.uk/media/preprints/c4e-preprint-264.pdf | F34: This paper introduces a dynamic knowledge-graph approach for digital twins and demonstrates how it fulfils many of the technical requirements of the vision to create a National Digital Twin of the UK. The dynamic knowledge graph is implemented using technologies from the Semantic Web. It is composed of concepts and instances that are defined using ontologies, and of computational agents that operate on both the concepts and instances to update the dynamic knowledge graph. By construction, it is distributed, supports cross-domain interoperability, and ensures that data is connected, portable, discoverable and queryable via a uniform interface. The knowledge graph includes the notions of a ‘base world’ that describes the real world and that is maintained by agents that incorporate real-time data, and of ‘parallel worlds’ that support the intelligent exploration of alternative designs without affecting the base world. Use cases are presented that demonstrate the ability of the dynamic knowledge graph to host geospatial and chemical data, control chemistry experiments, perform cross-domain simulations and perform scenario analysis. The questions of how to make intelligent suggestions for alternative scenarios and how to ensure alignment between the scenarios considered by the knowledge graph and the goals of society are considered. Work to extend the dynamic knowledge graph to develop a digital twin of the UK to support the decarbonisation of the energy system is discussed. Important directions for future research are highlighted. | G34: 44183 | H34: 1 | I34: Free | J34: 0 | K34: Jethro Akroyd1,2, Sebastian Mosbach1,2, Amit Bhave3, Markus Kraft1, | L34: UK | M34: EN | N34: University of Cambridge | O34: Public Services | P34: 0 | Q34: 5 | R34: 0 | S34: 0 | T34: 0 | U34: 1 | V34: =P34*'Data and TEMP'!$C$13+Q34*'Data and TEMP'!$C$14+R34*'Data and TEMP'!$C$15+S34*'Data and TEMP'!$C$16+T34*'Data and TEMP'!$C$17+U34*'Data and TEMP'!$C$18 -> 30 | W34: Yes
A35: 34 | B35: 34 | C35: First | D35: Machine Learning and Data Science in the Oil and Gas Industry | E35: https://www.sciencedirect.com/science/article/pii/B9780128207147000054 | F35: The oil and gas industry produces great volumes of data on an ongoing basis. This data must be acquired, stored, curated, and made available properly for data science to be able to take place. This process starts at the sensor and continues via systems such as the control system and the historian. In this journey, information and operational technologies converge. Sensor data is acquired and transmitted through various systems to arrive at the control system, which then makes it available through various protocols for consumption by analysis software. Historians save the data and make it available to the human user as diagrams. Documents and simulation data can also be integrated into the picture. This complex landscape is discussed in this chapter. | G35: 44197 | H35: 3 | I35: Payment | J35: 31.5 | K35: JimCrompton | L35: USA | M35: EN | N35: ScienceDirect | V35: =P35*'Data and TEMP'!$C$13+Q35*'Data and TEMP'!$C$14+R35*'Data and TEMP'!$C$15+S35*'Data and TEMP'!$C$16+T35*'Data and TEMP'!$C$17+U35*'Data and TEMP'!$C$18 -> 0
A36: 107 | B36: 7 | C36: Second | D36: A Taxonomy and Survey of Edge Cloud Computing for Intelligent Transportation Systems and Connected Vehicles | E36: https://ieeexplore.ieee.org/abstract/document/9447825 | F36: Recent advances in smart connected vehicles and Intelligent Transportation Systems (ITS) are based upon the capture and processing of large amounts of sensor data. Modern vehicles contain many internal sensors to monitor a wide range of mechanical and electrical systems and the move to semi-autonomous vehicles adds outward looking sensors such as cameras, lidar, and radar. ITS is starting to connect existing sensors such as road cameras, traffic density sensors, traffic speed sensors, emergency vehicle, and public transport transponders. This disparate range of data is then processed to produce a fused situation awareness of the road network and used to provide real-time management, with much of the decision making automated. Road networks have quiet periods followed by peak traffic periods and cloud computing can provide a good solution for dealing with peaks by providing offloading of processing and scaling-up as required, but in some situations latency to traditional cloud data centres is too high or bandwidth is too constrained. Cloud computing at the edge of the network, close to the vehicle and ITS sensor, can provide a solution for latency and bandwidth constraints but the high mobility of vehicles and heterogeneity of infrastructure still needs to be addressed. This paper surveys the literature for cloud computing use with ITS and connected vehicles and provides taxonomies for that plus their use cases. We finish by identifying where further research is needed in order to enable vehicles and ITS to use edge cloud computing in a fully managed and automated way. We surveyed 496 papers covering a seven-year timespan with the first paper appearing in 2013 and ending at the conclusion of 2019. | G36: 44354 | H36: 1 | I36: Payment | J36: 33 | K36: Peter Arthurs Department of Computer Science, University of Surrey, Guildford GU2 7XH, U.K. (e-mail: p.arthurs@surrey.ac.uk) Lee Gillam Department of Computer Science, University of Surrey, Guildford GU2 7XH, U.K.. Paul Krause Department of Computer Science, University of Surrey, Guildford GU2 7XH, U.K.. Ning Wang Ning Wang is with the 6G Innovation Centre, University of Surrey, Guildford GU2 7XH, U.K. Kaushik Halder Department of Mechanical Engineering Sciences, University of Surrey, Guildford GU2 7XH, U.K. Alexandros Mouzakitis Jaguar Land Rover, Coventry CV4 7AL, U.K. | L36: UK | M36: EN | N36: IEEE | O36: Automotive | P36: 4 | Q36: 0 | R36: 1 | S36: 0 | T36: 2 | U36: 0 | V36: =P36*'Data and TEMP'!$C$13+Q36*'Data and TEMP'!$C$14+R36*'Data and TEMP'!$C$15+S36*'Data and TEMP'!$C$16+T36*'Data and TEMP'!$C$17+U36*'Data and TEMP'!$C$18 -> 29 | W36: No
A37: 36 | B37: 36 | C37: First | D37: Industry 4.0 smart reconfigurable manufacturing machines | E37: https://www.sciencedirect.com/science/article/pii/S027861252100056X | F37: This paper provides a fundamental research review of Reconfigurable Manufacturing Systems (RMS), which uniquely explores the state-of-the-art in distributed and decentralized machine control and machine intelligence. The aim of this review is to draw objective answers to two proposed research questions, relating to: (1) reconfigurable design and industry adoption; and (2) enabling present and future state technology. Key areas reviewed include: (a) RMS – fundamentals, design rational, economic benefits, needs and challenges; (b) Machine Control – modern operational technology, vertical and horizontal system integration, advanced distributed and decentralized control; (c) Machine Intelligence – distributed and decentralized paradigms, technology landscape, smart machine modelling, simulation, and smart reconfigurable synergy. Uniquely, this paper establishes a vision for next-generation Industry 4.0 manufacturing machines, which will exhibit extraordinary Smart and Reconfigurable (SR*) capabilities. | G37: 44287 | H37: 2 | I37: Free | J37: 0 | K37: JeffMorgana1MarkHaltonbYuansongQiaocJohn G.Breslina | L37: Ireland | M37: EN | N37: ScienceDirect | V37: =P37*'Data and TEMP'!$C$13+Q37*'Data and TEMP'!$C$14+R37*'Data and TEMP'!$C$15+S37*'Data and TEMP'!$C$16+T37*'Data and TEMP'!$C$17+U37*'Data and TEMP'!$C$18 -> 0
A38: 37 | B38: 37 | C38: First | D38: Cognitive Service Architecture for 6G Core Network | E38: https://ieeexplore.ieee.org/abstract/document/9369127/authors#authors | F38: 5G communication is making much progress in achieving the Internet of Things and improving the quality of user experience in large bandwidth scenarios. By introducing a variety of new technologies, the performance of 5G has been greatly improved. However, emerging applications put forward more stringent requirements in terms of latency, reliability, peak data rate, service continuity, etc. Communication technology still needs to be further developed. In this paper, we try to conceptualize the next generation of core network. Inspired by the nervous system of octopus, we propose a new cognitive service architecture. We first give a short vision on the 6G core network. Then we demonstrate cognitive service architecture in detail. Enabling technologies for 6G cognitive service architecture are discussed at last. | G38: 44258 | H38: 3 | I38: Payment | J38: 33 | K38: Yuanzhe Li Beijing University of Posts and Telecommunications, 12472 Beijing, Beijing, China, 100088 (e-mail: buptlyz@bupt.edu.cn) ; Jie Huang; Qibo Sun; Tao Sun; Shangguang Wang | L38: China | M38: EN | N38: IEEE | V38: =P38*'Data and TEMP'!$C$13+Q38*'Data and TEMP'!$C$14+R38*'Data and TEMP'!$C$15+S38*'Data and TEMP'!$C$16+T38*'Data and TEMP'!$C$17+U38*'Data and TEMP'!$C$18 -> 0
A39: 38 | B39: 38 | C39: First | D39: Artificial Intelligence Data-driven Internet of Things Systems, Real-Time Advanced Analytics, and Cyber-Physical Production Networks in Sustainable Smart Manufacturing | E39: https://www.ceeol.com/search/article-detail?id=939239 | F39: Despite the relevance of artificial intelligence data-driven Internet of Things systems, real-time advanced analytics, and cyber-physical production networks in sustainable smart manufacturing, only limited research has been conducted on this topic. Using and replicating data from BCG, Capgemini, CompTIA, Deloitte, Eclipse Foundation, The Economist Intelligence Unit, MHI, PAC, Siemens, SME, Software AG, and we.CONECT, we performed analyses and made estimates regarding big data-driven decision-making processes in cyber-physical system-based smart factories. The results of a study based on data collected from 4,800 respondents provide support for our research model. Descriptive statistics of compiled data from the completed surveys were calculated when appropriate. | G39: 44256 | H39: 2 | I39: Payment | J39: 2.5 | K39: Dana Perkins, Neil Perkins, Katarína Valášková | L39: Slovakia, UK | M39: EN | N39: Central and Eatern European Online Library | V39: =P39*'Data and TEMP'!$C$13+Q39*'Data and TEMP'!$C$14+R39*'Data and TEMP'!$C$15+S39*'Data and TEMP'!$C$16+T39*'Data and TEMP'!$C$17+U39*'Data and TEMP'!$C$18 -> 0
A40: 39 | B40: 39 | C40: First | D40: Machine Learning/AI as IoT Enablers | E40: https://link.springer.com/chapter/10.1007/978-3-030-51473-0_11 | F40: Industrial Interne of Things (IoT) enables significant efficiency and productivity gains in the industrial sector. To enable such dramatic gains, the high volume of heterogeneous data generated by different machines needs to be analyzed and interpreted in real time. Machine learning, a subset of artificial intelligence, tries to train machines to ‘mimic’ the human ability to learn by analyzing large volumes of data and extracting meaningful patterns in order to predict future events. This chapter gives an overview of the application of machine learning/AI and Big Data analytics for intelligent connectivity and their role in Industry 4.0. The basic principles have been explored, followed by related use cases and a general architecture description. Future technologies, in particular for next-generation IoT, have also been discussed. | G40: 44177 | H40: 4 | I40: Payment | J40: 30.69 | L40: Spain, UK | M40: EN | N40: SpringerLink | V40: =P40*'Data and TEMP'!$C$13+Q40*'Data and TEMP'!$C$14+R40*'Data and TEMP'!$C$15+S40*'Data and TEMP'!$C$16+T40*'Data and TEMP'!$C$17+U40*'Data and TEMP'!$C$18 -> 0
A41: 33 | B41: 33 | C41: First | D41: Future (post-COVID) digital, smart and sustainable cities in the wake of 6G: Digital twins, immersive realities and new urban economies | E41: https://www.sciencedirect.com/science/article/pii/S0264837720325394?casa_token=QAw9aCPvD-QAAAAA:U7u03HxAtQQ_z8_aAEupdhP97FdgW_dyeB93a-WIdXOYqeBfFNfifxy3mEOn-PUo0ENRXXb4 | F41: With the advance of 5G technologies by both academia and industry, 5G adoption is gaining widespread acceptance in numerous cities, prompting further innovations in Smart City technologies riding on the wave of the Internet of Things (IoT). However, even in its infancy stage, the speed of technological advancement is already highlighting the limitations of 5G, and its potentially short lifespan as new technologies are rendered obsolete faster. This fast-moving field is coupled with an ongoing and increasing funding into Research & Development (R&D) efforts by private corporations, to potentially commercialise on the surge in demand for ‘smarter’ cities’, This paper aims to chart the major directions and scope emerging dimensions inherent to 6G technology, including Digital Twins and Immersive Realities (XR) that, when applied to cities that are currently being equipped with digital infrastructural backbones, may have direct socio-economic impacts upon our lives while responding to the tenets of the Sustainable Development Goal 11. Looking at the future 6G technology this article considers the prospects of 6G, and its associated concepts, and its relations as they pertain to Future, Smart, Digital and Sustainable Cities. | G41: 44237 | H41: 1 | I41: Free | J41: 0 | K41: ZaheerAllamabDavid S.Jonesc | L41: France, Australia | M41: EN | N41: ScienceDirect | O41: Public Services | P41: 0 | Q41: 2 | R41: 2 | S41: 0 | T41: 2 | U41: 1 | V41: =P41*'Data and TEMP'!$C$13+Q41*'Data and TEMP'!$C$14+R41*'Data and TEMP'!$C$15+S41*'Data and TEMP'!$C$16+T41*'Data and TEMP'!$C$17+U41*'Data and TEMP'!$C$18 -> 27 | W41: No
A42: 41 | B42: 41 | C42: First | D42: 6G Enabled Smart Infrastructure for Sustainable Society: Opportunities, Challenges, and Research Roadmap | E42: https://www.mdpi.com/1424-8220/21/5/1709 | F42: The 5G wireless communication network is currently faced with the challenge of limited data speed exacerbated by the proliferation of billions of data-intensive applications. To address this problem, researchers are developing cutting-edge technologies for the envisioned 6G wireless communication standards to satisfy the escalating wireless services demands. Though some of the candidate technologies in the 5G standards will apply to 6G wireless networks, key disruptive technologies that will guarantee the desired quality of physical experience to achieve ubiquitous wireless connectivity are expected in 6G. This article first provides a foundational background on the evolution of different wireless communication standards to have a proper insight into the vision and requirements of 6G. Second, we provide a panoramic view of the enabling technologies proposed to facilitate 6G and introduce emerging 6G applications such as multi-sensory–extended reality, digital replica, and more. Next, the technology-driven challenges, social, psychological, health and commercialization issues posed to actualizing 6G, and the probable solutions to tackle these challenges are discussed extensively. Additionally, we present new use cases of the 6G technology in agriculture, education, media and entertainment, logistics and transportation, and tourism. Furthermore, we discuss the multi-faceted communication capabilities of 6G that will contribute significantly to global sustainability and how 6G will bring about a dramatic change in the business arena. Finally, we highlight the research trends, open research issues, and key take-away lessons for future research exploration in 6G wireless communication | G42: 44257 | H42: 2 | I42: Free | J42: 0 | K42: Agbotiname Lucky Imoize 1,2,* , Oluwadara Adedeji 3 , Nistha Tandiya 4 and Sachin Shetty | L42: Germany, Nigeria, USA | M42: EN | N42: MDPI | V42: =P42*'Data and TEMP'!$C$13+Q42*'Data and TEMP'!$C$14+R42*'Data and TEMP'!$C$15+S42*'Data and TEMP'!$C$16+T42*'Data and TEMP'!$C$17+U42*'Data and TEMP'!$C$18 -> 0
A43: 42 | B43: 42 | C43: First | D43: Developing Industrial CPS: A Multi-Disciplinary Challenge | E43: https://www.mdpi.com/1424-8220/21/6/1991 | F43: Industrial Cyber–Physical System (CPS) is an emerging approach towards value creation in modern industrial production. The development and implementation of industrial CPS in real-life production are rewarding yet challenging. This paper aims to present a concept to develop, commercialize, operate, and maintain industrial CPS which can motivate the advance of the research and the industrial practice of industrial CPS in the future. We start with defining our understanding of an industrial CPS, specifying the components and key technological aspects of the industrial CPS, as well as explaining the alignment with existing work such as Industrie 4.0 concepts, followed by several use cases of industrial CPS in practice. The roles of each component and key technological aspect are described and the differences between traditional industrial systems and industrial CPS are elaborated. The multidisciplinary nature of industrial CPS leads to challenges when developing such systems, and we present a detailed description of several major sub-challenges that are key to the long-term sustainability of industrial CPS design. Since the research of industrial CPS is still emerging, we also discuss existing approaches and novel solutions to overcome these sub-challenges. These insights will help researchers and industrial practitioners to develop and commercialize industrial CPS | G43: 44266 | H43: 2 | I43: Free | J43: 0 | K43: by Martin W. Hoffmann *OrcID,Somayeh Malakuti,Sten Grüner,Soeren Finster,Jörg GebhardtOrcID,Ruomu Tan,Thorsten Schindler andThomas GamerOrcID | L43: Germany | M43: EN | N43: MDPI | V43: =P43*'Data and TEMP'!$C$13+Q43*'Data and TEMP'!$C$14+R43*'Data and TEMP'!$C$15+S43*'Data and TEMP'!$C$16+T43*'Data and TEMP'!$C$17+U43*'Data and TEMP'!$C$18 -> 0
A44: 43 | B44: 43 | C44: First | D44: Internet of Things-based Real-Time Production Logistics, Sustainable Industrial Value Creation, and Artificial Intelligence-driven Big Data Analytics in Cyber-Physical Smart Manufacturing Systems | E44: https://www.ceeol.com/search/article-detail?id=939242 | F44: This paper analyzes the outcomes of an exploratory review of the current research on Internet of Things-based real-time production logistics, sustainable industrial value creation, and artificial intelligence-driven big data analytics in cyber-physical smart manufacturing systems. The data used for this study was obtained and replicated from previous research conducted by Capgemini, Deloitte, IW Custom Research, Kronos, MHI, PwC, SME, and Software AG. We performed analyses and made estimates regarding deep learning-assisted smart process planning in cyber-physical manufacturing systems. Data collected from 4,700 respondents are tested against the research model. Descriptive statistics of compiled data from the completed surveys were calculated when appropriate. | G44: 44256 | H44: 2 | I44: Payment | J44: 2.5 | K44: Elvira Nica, Costel STANCIU, CRISTIAN IONUȚ STAN, Anca Georgeta Luțan (Petre), Ruxandra-Ștefania Oașa (Geambazi) | L44: Romania | M44: EN | N44: Central and Eatern European Online Library | V44: =P44*'Data and TEMP'!$C$13+Q44*'Data and TEMP'!$C$14+R44*'Data and TEMP'!$C$15+S44*'Data and TEMP'!$C$16+T44*'Data and TEMP'!$C$17+U44*'Data and TEMP'!$C$18 -> 0
A45: 6 | B45: 6 | C45: First | D45: Leveraging Digital Twin for Sustainability Assessment of an Educational Building | E45: https://www.mdpi.com/2071-1050/13/2/480 | F45: The EU Green Deal, beginning in 2019, promoted a roadmap for operating the transition to a sustainable EU economy by turning climate issues and environmental challenges into opportunities in all policy areas and making the transition fair and inclusive for all. Focusing on the built environment, the voluntary adoption of rating systems for sustainability assessment is growing, with an increasing market value, and is perceived as a social responsibility both by public administration and by private companies. This paper proposes a framework for shifting from a static sustainability assessment to a digital twin (DT)-based and Internet of Things (IoT)-enabled dynamic approach. This new approach allows for a real-time evaluation and control of a wide range of sustainability criteria with a user_x0002_centered point of view. A pilot building, namely, the eLUX lab cognitive building in the University of Brescia, was used to test the framework with some sample applications. The educational building accommodates the daily activities of the engineering students by constantly interacting with the sensorized asset monitoring indoor comfort and air quality conditions as well as the energy behavior of the building in order to optimize the trade-off with renewable energy production. The framework is the cornerstone of a methodology exploiting the digital twin approach to support the decision processes related to sustainability through the whole building’s life cycle. | G45: 44202 | H45: 1 | I45: Free | J45: 0 | K45: Lavinia Chiara Tagliabue 1,*,Fulvio Re Cecconi 2OrcID,Sebastiano Maltese 3,Stefano Rinaldi 4OrcID,Angelo Luigi Camillo Ciribini 1 andAlessandra Flammini 4 | L45: Italy; Switzerland | M45: EN | N45: MDPI | O45: Construction and building | P45: 0 | Q45: 4 | R45: 0 | S45: 0 | T45: 0 | U45: 1 | V45: =P45*'Data and TEMP'!$C$13+Q45*'Data and TEMP'!$C$14+R45*'Data and TEMP'!$C$15+S45*'Data and TEMP'!$C$16+T45*'Data and TEMP'!$C$17+U45*'Data and TEMP'!$C$18 -> 25 | W45: No
A46: 44 | B46: 44 | C46: First | D46: Smarter Together: Progressing Smart Data Platforms in Lyon, Munich, and Vienna | E46: https://www.mdpi.com/1996-1073/14/4/1075 | F46: n a context where digital giants are increasingly influencing the actions decided by public policies, smart data platforms are a tool for collecting a great deal of information on the territory and a means of producing effective public policies to meet contemporary challenges, improve the quality of the city, and create new services. Within the framework of the Smarter Together project, the cities of Lyon (France), Munich (Germany), and Vienna (Austria) have integrated this tool into their city’s metabolism and use it at different scales. Nevertheless, the principle remains the same: the collection (or even dissemination) of internal and external data to the administration will enable the communities, companies, not-for-profit organizations, and civic administrations to “measure” the city and identify areas for improvement in the territory. Furthermore, through open data logics, public authorities can encourage external partners to become actors in territorial action by using findings from the data to produce services that will contribute to the development of the territory and increase the quality of the city and its infrastructure. Nevertheless, based on data that is relatively complex to extract and process, public data platforms raise many legal, technical, economic, and social issues. The cities either avoided collecting personal data or when dealing with sensitive data, use anonymized aggregated data. Cocreation activities with municipal, commercial, civil society stakeholders, and citizens adopted the strategies and tools of the intelligent data platforms to develop new urban mobility and government informational services for both citizens and public authorities. The data platforms are evolving for transparent alignment with 2030 climate-neutrality objectives while municipalities strive for greater agility to respond to disruptive events like the COVID-19 pandemic. | G46: 44245 | H46: 1 | I46: Free | J46: 0 | K46: Naomi Morishita-Steffen 1,*OrcID,Rémi Alberola 2,Baptiste Mougeot 2OrcID,Étienne Vignali 2,Camilla Wikström 3OrcID,Uwe Montag 4,Emmanuel Gastaud 5,Brigitte Lutz 6OrcID,Gerhard Hartmann 7,Franz Xaver Pfaffenbichler 7,Ali Hainoun 8OrcID,Bruno Gaiddon 9,Antonino Marvuglia 10 andMaria Beatrice Andreucci 11OrcID | L46: Austrai, France, Sweden, Germany, Luxembourg, Italy | M46: EN | N46: MDPI | O46: Public Services | P46: 0 | Q46: 1 | R46: 1 | S46: 5 | T46: 1 | U46: 0 | V46: =P46*'Data and TEMP'!$C$13+Q46*'Data and TEMP'!$C$14+R46*'Data and TEMP'!$C$15+S46*'Data and TEMP'!$C$16+T46*'Data and TEMP'!$C$17+U46*'Data and TEMP'!$C$18 -> 21 | W46: Yes
A47: 109 | B47: 9 | C47: Second | D47: Model-based Systems Design for Green IoT Systems | E47: https://www.scitepress.org/Papers/2021/104746/104746.pdf | F47: The energy consumption of the Internet of Things is predicted to be about a quarter of the total world-wide energy consumption by 2030. There are already numerous approaches and operating strategies to reduce the energy consumption of wireless sensors. Nevertheless, it is essential to implement a formalized model-based development process that enables the designer of IoT nodes, platforms and systems to balance between the function and non-functional requirements with respect to energy consumption. Therefore we promote a model-based systems design methodology that employs multi-physical co-simulation in a virtual simulation environment in order to optimize the overall energy consumption. | G47: Unknown | H47: 1 | I47: Free | J47: 0 | K47: Kristin Majetta a , Jan Bräunig b , Christoph Sohrmann c , Roland Jancke d and Dirk Mayer e | L47: Germany | M47: EN | N47: ScitePress | O47: Utilities | P47: 1 | Q47: 1 | R47: 0 | U47: 2 | V47: =P47*'Data and TEMP'!$C$13+Q47*'Data and TEMP'!$C$14+R47*'Data and TEMP'!$C$15+S47*'Data and TEMP'!$C$16+T47*'Data and TEMP'!$C$17+U47*'Data and TEMP'!$C$18 -> 20 | W47: No
A48: 21 | B48: 21 | C48: First | D48: Application of digital twins to the product lifecycle management of battery packs of electric vehicles | E48: https://ietresearch.onlinelibrary.wiley.com/doi/full/10.1049/cim2.12028 | F48: Lithium‐ion batteries have become a core component of electric vehicles (EVs) because of their high energy density. However, several issues in lithium‐ion batteries usage, such as safety, durability, charging time, and driving range, limit the development of EVs. Meanwhile, with the emergence of Industry 4.0, the digital twins technology has received widespread attention in the manufacturing industry because it provides real‐time monitoring and intelligent management of the production process. The authors propose a framework based on digital twins, which can be used for real‐time monitoring, intelligent management, and autonomous control of battery packs. The framework covers all aspects of a battery pack's lifecycle, including design, manufacturing, operation monitoring, and second use options. Such a framework can solve some critical issues inhibiting the usage of batteries. A case study of the application of the proposed digital twins‐based framework to electric vehicle battery systems has been conducted. The results show that deploying digital twins into the battery packs of EVs will improve the safety and service life of the battery packs. | G48: 44294 | H48: 1 | I48: Free | J48: 0 | K48: Suriyan Anandavel Wei Li Akhil Garg Liang Gao | L48: China | M48: EN | N48: IET | O48: Automotive | P48: 1 | Q48: 1 | R48: 1 | S48: 0 | T48: 0 | U48: 1 | V48: =P48*'Data and TEMP'!$C$13+Q48*'Data and TEMP'!$C$14+R48*'Data and TEMP'!$C$15+S48*'Data and TEMP'!$C$16+T48*'Data and TEMP'!$C$17+U48*'Data and TEMP'!$C$18 -> 18 | W48: No
A49: 48 | B49: 48 | C49: First | D49: AI & Digital Platforms: The Market [Part 1] | E49: https://www.intechopen.com/books/ai-and-learning-systems-industrial-applications-and-future-directions/ai-digital-platforms-the-market-part-1- | F49: This essay aims to describe the dynamics at play in the field of industrial AI, where the significant efficiency potential is driving demand. There are rapid technological development and increasing use of AI technology within the industry. Meanwhile, practical applications rather than technical development itself are creating value. The primary purpose of the article is to spread knowledge to industry. It is also intended to form the basis of the Swedish innovation program PiiAs ongoing work around open calls and targeted strategic innovation projects. The basic approach taken is to investigate both industry demand for AI and how the supply of technology is developing. AI takes in a broad and dynamic range of concepts, but it should also be considered in an even broader context of industrial digitalisation. The article has been divided into two sections: The Market, in which we assess the development and the consequences on the factory floor; and The Technology, which provides a more in-depth understanding of the structures of industrial IT and machine-learning technology. The article concludes with four practical examples from the industry. | G49: 44244 | H49: 3 | I49: Free | J49: 0 | K49: Örjan Larsson | L49: Sweden | M49: EN | N49: Intechopen | V49: =P49*'Data and TEMP'!$C$13+Q49*'Data and TEMP'!$C$14+R49*'Data and TEMP'!$C$15+S49*'Data and TEMP'!$C$16+T49*'Data and TEMP'!$C$17+U49*'Data and TEMP'!$C$18 -> 0
A50: 49 | B50: 49 | C50: First | D50: Chapter 16 - EW Flex: A decentralized flexibility marketplace fostering TSO-DSO cooperation | E50: https://www.sciencedirect.com/science/article/pii/B9780128218389000165 | F50: Can you envision a future grid without customer-owned, distributed energy resources? What about a future grid without any large-scale, fossil-fuel generation? While opinions differ about the speed of the transition, there is near universal acknowledgement that the physical, financial, and political systems used to deliver electricity—collectively, our grid architecture—must evolve to reflect the novel characteristics of a grid where phenomena traditionally bound within the bulk power system—generation, balancing, markets—occur among customers at the distribution level at scale. This fast-moving energy transition has resulted in some peculiar side effects: namely, transmission system operators (TSOs) that are starting to look and act like distribution system operators (DSOs), and vice versa. It is a growing ‘turf war’ of sorts in which TSOs want to reach down into distribution grid assets and customer relationships (conversely, DERs want to reach up into wholesale markets), and where retail market DSOs want to shepherd some of the functions and processes normally reserved for wholesale markets and transmission grids. Yet debates about the appropriate scope for re-envisioned TSOs and DSOs focuses debate on the wrong question. Instead, we should be focused on grid architecture design decisions that put customers (increasingly, prosumers) and their DERs at the center. | G50: 44232 | H50: 5 | I50: Payment | J50: 31.5 | K50: SamHartnettJesseMorrisIoannisVlachos | L50: Switzerland | M50: EN | N50: ScienceDirect | V50: =P50*'Data and TEMP'!$C$13+Q50*'Data and TEMP'!$C$14+R50*'Data and TEMP'!$C$15+S50*'Data and TEMP'!$C$16+T50*'Data and TEMP'!$C$17+U50*'Data and TEMP'!$C$18 -> 0
A51: 50 | B51: 50 | C51: First | D51: Big data analytics in manufacturing: a bibliometric analysis of research in the field of business management | E51: https://www.tandfonline.com/doi/full/10.1080/00207543.2021.1919333?casa_token=sIDHZ3CuIJEAAAAA%3ASGRuVwIeJnc8Taw2E_iepUDiQqJMLMnEJsATbp2PnRPzkMe5b3j9No0M4W6rJYFj8itYEXGMhWM | F51: ig data is of great importance in manufacturing, since knowing the diverse origin of underlying causes of problems is completely necessary for managing continuous improvement. As manufacturers are shifting towards digital transformation driven by big data, business analytics is becoming a dominant methodology for strategic decision-making in business management research. In response to this emerging phenomenon, the purpose of the current study is to provide a thorough literature review of the applicability of big data in manufacturing, with a perspective to exploring various research trends in this field and identifying the scope of potential investigations in the future. This study uses bibliometric and visual analysis approaches to systematically identify and analyse research articles from leading business journals in the Scopus database. The study sample included 89 research articles published in ABDC A*/A category journals to map thematic evolution and conceptual clusters related to keywords of ‘big data’, ‘business analytics’ and ‘manufacturing’. Using factorial analysis in Biblioshiny software, the study presents three research clusters in which researchers shall be encouraged to expand the big data/business analytics research in the context of manufacturing. | G51: 44296 | H51: 2 | I51: Free | J51: 0 | K51: Saumyaranjan Sahoo | L51: India | M51: EN | N51: Taylor & Francis | V51: =P51*'Data and TEMP'!$C$13+Q51*'Data and TEMP'!$C$14+R51*'Data and TEMP'!$C$15+S51*'Data and TEMP'!$C$16+T51*'Data and TEMP'!$C$17+U51*'Data and TEMP'!$C$18 -> 0 | X51: more interested in the method that the content
A52: 51 | B52: 51 | C52: First | D52: 6G and Internet of Things: a survey | E52: https://www.tandfonline.com/doi/full/10.1080/23270012.2021.1882350?casa_token=iTFQQJYfQW8AAAAA%3AfzyfhMs4Av2yz0JUHcUtVdsKmIFIuEO1ec2OumWtzHEEkifjc5uOUSnolBGwH4kYq95rYbdYNXQ | F52: The 5G networks which have begun to spread worldwide are expected to contribute to an increase in the use of Internet of Things (IoT) technologies and applications, which require massive connectivity, security, and ultra-low latency. However, it is known that 5G alone is not sufficient for many IoT devices to exchange various types of data in real time. These constraints promote the emergence of 6G technologies which can support higher network capacity, lower latency, and faster data transmission than 5G networks. To understand the current trends in 6G research and their relation to IoT, this paper introduces the main drivers of 6G technology, describes 6G’s enabling technologies, summarizes current 6G research, and introduces the possible applications of 6G to IoT technologies and service areas. | G52: 44273 | H52: 3 | I52: Free | J52: 0 | K52: Jin Ho Kim | L52: USA | M52: EN | N52: Taylor & Francis | V52: =P52*'Data and TEMP'!$C$13+Q52*'Data and TEMP'!$C$14+R52*'Data and TEMP'!$C$15+S52*'Data and TEMP'!$C$16+T52*'Data and TEMP'!$C$17+U52*'Data and TEMP'!$C$18 -> 0
A53: 52 | B53: 52 | C53: First | D53: Deep reinforcement learning for blockchain in industrial IoT: A survey | E53: https://www.sciencedirect.com/science/article/abs/pii/S1389128621001213?casa_token=gT5M6wOQ40UAAAAA:79vtBl18fn77IwHJ-q19B_2a_aXWUPwnT_FW5TZ8GYtgVpsLNddooEMSTjxukfsHmzQqPFBs | F53: With the ambitious plans of renewal and expansion of industrialization in many countries, the efficiency, agility and cost savings potentially resulting from the application of industrial Internet of Things (IIoT) are drawing attentions. Although blockchain and machine learning technologies (especially deep learning and deep reinforcement learning) may provide the next promising use case for IIoT, they are working in an adversarial way to some extent. While blockchain facilitates the data collection that is critical for machine learning under the premise of data regulation rules like privacy protection, it may suffer from privacy leakage due to big data analytics with the help of machine learning. To make machine learning and blockchain useful and practical for diversified services in industrial sectors, it is of paramount importance to have a comprehensive understanding of the development of both technologies in the context of IIoT. To this end, in this paper we summarize and analyze the applications of blockchain and machine learning in IIoT from three important aspects, i.e., consensus mechanism, storage and communication. This survey provides a deeper understanding on the security and privacy risks of the key components of a blockchain from the perspective of machine learning, which is useful in the design of practical blockchain solutions for IIoT. In addition, we provide useful guidance for future research in the area by identifying interesting open problems that need to be addressed before large-scale deployments of IIoT applications are practicable. | G53: 44273 | H53: 3 | I53: Payment | J53: 35.95 | K53: YuleiWua1ZehuaWangb1YuxiangMacVictor C.M.Leungdb | L53: UK, Canada, China | M53: EN | N53: ScienceDirect | V53: =P53*'Data and TEMP'!$C$13+Q53*'Data and TEMP'!$C$14+R53*'Data and TEMP'!$C$15+S53*'Data and TEMP'!$C$16+T53*'Data and TEMP'!$C$17+U53*'Data and TEMP'!$C$18 -> 0
A54: 53 | B54: 53 | C54: First | D54: Current Industry 4.0 Platforms – An Overview | E54: https://www.iip-ecosphere.eu/wp-content/uploads/2021/02/IIP-2020_001-en.pdf | F54: This white paper provides an overview of current Industry 4.0 platforms, particularly from the perspective of the IIP-Ecosphere project, which is funded by the German Federal Ministry for Economic Affairs and Energy (BMWi) in the “KI-Innovationswettbewerb” (AI innovation competition). The focus is on topics such as interconnectivity, digital twins, openness, security and the use of AI in the context of smart manufacturing. The document describes the approach to data collection, the detailed results for individual industrial platforms, and a summarizing overview. A total of 21 industrial platforms are analyzed based on publicly available documents using 16 analysis topics. Both platforms and analysis topics originate from intensive discussions between the IIP-Ecosphere project partners. In particular, the analyzed platforms cover the required basic functions. For example, a wide range of communication protocols is often provided and a wide variety of cloud services are integrated. Even newer trends such as artificial intelligence can now be found in the platform descriptions. However, the range of functions also varies greatly among the platforms. Newer standards such as OPC-UA, UMATI or the Industry 4.0 Asset Administration Shell are often used only cautiously, if at all, which may be due in part to the development history, but also due to strategic considerations. Based on the cross-platform analysis of the 16 topic areas, we derive challenges for future platforms and especially for our work in IIP-Ecosphere. These include topics such as open ecosystems, extensible architectures with standardized interface descriptions, flexible and dynamic support for AI procedures, secure and unified data exchange (for data sharing, resource sharing, and data usage control) as well as end-to-end and consistent configurability that builds user trust in the respective platform. Standardization of (some of) these topics would be desirable to improve exchange and interoperability between platforms and platform ecosystems and to avoid vendor lock-ins. | G54: 44197 | H54: 3 | I54: Free | J54: 0 | K54: Christian Sauer, Holger Eichelberger, Amir Shayan Ahmadian, Andreas Dewes, Jan Jürjens | L54: Germany | M54: EN | N54: IIP-Ecosphere | V54: =P54*'Data and TEMP'!$C$13+Q54*'Data and TEMP'!$C$14+R54*'Data and TEMP'!$C$15+S54*'Data and TEMP'!$C$16+T54*'Data and TEMP'!$C$17+U54*'Data and TEMP'!$C$18 -> 0
A55: 54 | B55: 54 | C55: First | D55: Performance Evaluation of an Internet of Healthcare Things for Medical Monitoring Using M/M/c/K Queuing Models | E55: https://ieeexplore.ieee.org/stamp/stamp.jsp?tp=&arnumber=9398691 | F55: Due to the non-stop and rapid spreading of virus pandemics all over the world, traditional healthcare monitoring capabilities of hospitals and/or medical centers are under a severe over-load. Modern computing infrastructures with the harmony of various layers of computing paradigms (e.g., cloud/fog/edge computing) for healthcare monitoring are apparently the essential computing backbone that help access and process instantly the medical data of every single patient at the very edge of the healthcare system to combat with global or regional virus contagion. Previous studies proposed different computing system architectures for healthcare monitoring but few works considered the evaluation of pure performance of medical data transmission in a comprehensive manner. In this paper, we proposed an M/M/c/K queuing network model for the performance evaluation of an Internet of Healthcare Things (IoHT) infrastructure in association with a three layer cloud/fog/edge computing continuum. The model considers a life cycle of medical data from body-attached IoT sensors in edge layer all the way to local clients (e.g., local medical doctors, physicians) through fog layer and to remote clients (e.g., medical professionals, patient’s family members) through cloud layer. Furthermore, we also explore the impact of the alteration in system configuration and computing capability of computing layers in two scenarios on various performance metrics. Critical performance metrics related to quality of service are evaluated in a comprehensive manner, such as (i) mean response time of medical data transmission to fog (local) clients and to cloud (remote) clients, (ii) utilization of cloud/fog/edge computing layers, (iii) service throughput, (iv) number of medical messages in a period of time, and (v) drop rate. The simulation results pinpoint bottle-neck parameters and configurations of the IoHT infrastructure’s system architecture in relation to the frequency of medical data collection for health check of patients. Thus, the findings of this study can help improve medical administration in hospitals and healthcare centers and help design comput | G55: 44293 | H55: 2 | I55: Free | J55: 0 | K55: FRANCISCO AIRTON SILVA 1 , TUAN ANH NGUYEN 2 , IURE FÉ3 , CARLOS BRITO1 , DUGKI MIN4 , AND JAE-WOO LEE5 | L55: Brasil, South Korea | M55: EN | N55: IEEE | V55: =P55*'Data and TEMP'!$C$13+Q55*'Data and TEMP'!$C$14+R55*'Data and TEMP'!$C$15+S55*'Data and TEMP'!$C$16+T55*'Data and TEMP'!$C$17+U55*'Data and TEMP'!$C$18 -> 0
A56: 55 | B56: 55 | C56: First | D56: Restoration of smart grids: Current status, challenges, and opportunities | E56: https://www.sciencedirect.com/science/article/abs/pii/S1364032121002021?casa_token=VLfZUhXugVAAAAAA:9p1bq6cjStaIuKbiGm66UTlRIWGAG3q0FJ_nXs4_uzUm3akD_uBcSNRsRtgndTwoL3irFD4f | F56: Smart grids, which constitute intelligent infrastructure in smart cities, provide reliable, energy-efficient, and high-quality power to improve the standard of living while maintaining a sustainable environment. For self-healing, restoration is considered an effective and intelligent way to ensure that parts of the system remain active and even reconfigure automatically with external failures or attacks. Restoration has recently received considerable attention from researchers and engineers. Regarding the technical route of restoration, this survey reveals some common properties and identifies the research gaps in modeling frameworks, reconfiguration technologies, and optimization approaches. It presents a summary of the challenges and opportunities in restoration of smart grids. It is expected to facilitate the researchers in the advancement of effective and intelligent restoration of smart grids. | G56: 44262 | H56: 4 | I56: Payment | J56: 37.95 | K56: DongmingFanacYiRenaQiangFengaYiliuLiubZiliWangaJingLinc | L56: China, Norway, Sweden | M56: EN | N56: ScienceDirect | V56: =P56*'Data and TEMP'!$C$13+Q56*'Data and TEMP'!$C$14+R56*'Data and TEMP'!$C$15+S56*'Data and TEMP'!$C$16+T56*'Data and TEMP'!$C$17+U56*'Data and TEMP'!$C$18 -> 0
A57: 56 | B57: 56 | C57: First | D57: Digital Transformation and Environmental Sustainability: A Review and Research Agenda | E57: https://www.mdpi.com/2071-1050/13/3/1530 | F57: Digital transformation refers to the unprecedented disruptions in society, industry, and organizations stimulated by advances in digital technologies such as artificial intelligence, big data analytics, cloud computing, and the Internet of Things (IoT). Presently, there is a lack of studies to map digital transformation in the environmental sustainability domain. This paper identifies the disruptions driven by digital transformation in the environmental sustainability domain through a systematic literature review. The results present a framework that outlines the transformations in four key areas: pollution control, waste management, sustainable production, and urban sustainability. The transformations in each key area are divided into further sub-categories. This study proposes an agenda for future research in terms of organizational capabilities, performance, and digital transformation strategy regarding environmental sustainability | G57: 44228 | H57: 1 | I57: Free | J57: 0 | K57: Abdul Karim Feroz 1,Hangjung Zo 1,*OrcID andAnanth Chiravuri 2 | L57: Korea, UAE | M57: EN | N57: MDPI | O57: Green | P57: 0 | Q57: 0 | R57: 0 | S57: 0 | T57: 0 | U57: 2 | V57: =P57*'Data and TEMP'!$C$13+Q57*'Data and TEMP'!$C$14+R57*'Data and TEMP'!$C$15+S57*'Data and TEMP'!$C$16+T57*'Data and TEMP'!$C$17+U57*'Data and TEMP'!$C$18 -> 10 | W57: No
A58: 57 | B58: 57 | C58: First | D58: Autonomous Vehicles—the Remaining Challenges | E58: http://www.qichegongcheng.com/EN/10.19562/j.chinasae.qcgc.2021.04.001 | F58: Autonomous vehicles are essential for mobility in big cities， just like how elevators make high?rise buildings livable. While significant progress has been achieved over the last 15 years， there are still several remaining challenges， namely： cost， robust performance， and trust. To address these challenges， this paper discusses research at Mcity. | G58: 44309 | H58: 2 | I58: Free | J58: 0 | K58: Huei Peng( | L58: USA | M58: EN | N58: Automotive Engineering | V58: =P58*'Data and TEMP'!$C$13+Q58*'Data and TEMP'!$C$14+R58*'Data and TEMP'!$C$15+S58*'Data and TEMP'!$C$16+T58*'Data and TEMP'!$C$17+U58*'Data and TEMP'!$C$18 -> 0
A59: 58 | B59: 58 | C59: First | D59: Cyber-physical systems architectures for industrial internet of things applications in Industry 4.0: A literature review | E59: https://www.researchgate.net/profile/Antonio-Alberti-2/publication/347355041_Cyber-physical_systems_architectures_for_industrial_internet_of_things_applications_in_Industry_40_A_literature_review/links/5fdb693545851553a0c47b03/Cyber-physical-systems-architectures-for-industrial-internet-of-things-applications-in-Industry-40-A-literature-review.pdf | F59: The industrial scenario is undergoing exponential changes, mainly due to the different technologies that emerge quickly and the ever increasing demand. As a consequence, the number of processing devices and systems in the industries’ architectures is also increasing. Entities connectivity, physical/virtual joint functioning, interactivity, interoperability, self-organization, smart decision making, among other factors are fundamental to foster Industry 4.0 (I4.0) potential. We believe that Cyber Physical System (CPS) and Industrial Internet of Things (IIoT) will have a major role in the emerging I4.0. In this context, researchers and experts from major factories are exploring these technologies in order to keep up with this digital transformation, developing IIoT systems and CPS architectures capable of connecting network devices from different information and communications technologies (ICT) systems, virtualizing the companies’ assets and integrating them with other manufacturing sectors and companies. This article performs a survey covering the main CPS architecture models available in the industrial environment, emphasizing their key characteristics and technologies, as well as the correlations among them, pointing objectives, advantages and contribution for the IIoT introduction in I4.0. It also provides a literature review covering projects from CPSs and IIoT point-of-view, identifying main technologies employed in current state-of-the-art and how they can meet the I4.0 key features of vertical and horizontal industrial integration. Finally, the article points requirements for current and future challenges, limitations, gap | G59: 44152 | H59: 2 | I59: Free | J59: 0 | K59: Diego G.S.Pivoto a,1 , Luiz F.F.de Almeida a , Rodrigo da Rosa Righi b,1 , Joel J.P.C.Rodrigues c,d , Alexandre Baratella Lugli a , Antonio M.Alberti a,⁎ | L59: Brazil, Portugal | M59: EN | N59: Elsevier | V59: =P59*'Data and TEMP'!$C$13+Q59*'Data and TEMP'!$C$14+R59*'Data and TEMP'!$C$15+S59*'Data and TEMP'!$C$16+T59*'Data and TEMP'!$C$17+U59*'Data and TEMP'!$C$18 -> 0
A60: 59 | B60: 59 | C60: First | D60: Review of optical and wireless backhaul networks and emerging trends of next generation 5G and 6G technologies | E60: https://onlinelibrary.wiley.com/doi/full/10.1002/ett.4155?casa_token=CFNpWoTRlToAAAAA%3Afkob6-LS9nwGvBScqT7hQ4u2OUjIkcg7dBdlo2rrj5nEZWWCszoIujB_9A_IvWJXtjPTKZ1dNkZPdQ | F60: Mobile Backhauling provides an interface between radio controller and basestations, mostly realized with a physical medium such as optical fibers ormicrowave radio links. With the huge mobile traffic due to an increase in mobilesubscribers as well as deployment of 4G and 5G cellular network technologies,better solutions for capacity and coverage should be provided in order to enhancespectral efficiency. For 4G cellular networks, mobile backhaul networks dealwith capacity, availability, deployment cost, and long-distance reaches. In addi-tion, mobile backhaul networks based on the 5G network incurs additionalchallenges that include 1 ms or less ultralow latency time requirements andultra-dense nature of the network capabilities. Therefore, for 5G technolo-gies, latency delay, QoS, packet efficiency, noise suppression, and mitigationtechniques, efficient modulation schemes, and packet network timing synchro-nization are some aspects that are to be dealt with while designing efficientbackhaul approaches (wired/wireless). Current backhaul systems typically usecost-effective solutions (eg, -Wi-Fi and WiMAX)-based packet-switched tech-nologies, especially Ethernet/Internet technologies and high-speed optical fiberlinks. | G60: 44125 | H60: 5 | I60: Free | J60: 0 | K60: Teena Sharma1Abdellah Chehri1Paul Fortier2 | L60: Canada | M60: EN | N60: Wiley | V60: =P60*'Data and TEMP'!$C$13+Q60*'Data and TEMP'!$C$14+R60*'Data and TEMP'!$C$15+S60*'Data and TEMP'!$C$16+T60*'Data and TEMP'!$C$17+U60*'Data and TEMP'!$C$18 -> 0
A61: 60 | B61: 60 | C61: First | D61: A Survey on Recent Advanced Research of CPS Security | E61: https://www.mdpi.com/2076-3417/11/9/3751 | F61: Cyber-physical systems (CPSs) are next-generation intelligent systems that integrate computing, communication, and control. Malicious attacks on CPSs can lead to both property damage and casualties. Therefore, it is worth surveying CPS security by reviewing and analyzing the latest high-quality related works. In this paper, we provide an overview of the CPS security studies from the last five years and select 142 related works from A- or B-level conferences/journals recommended by the China Computer Federation (CCF). First, we review the main contents of the selected papers and classify them into 24 topics. Then, we analyze hotspots and trends of CPS security technologies in three dimensions: (1) architecture layers (perception, network, and application); (2) application scenarios (smart grids, health care, smart transportation, smart homes, and general grids); and (3) MADC (Measure, Attack, Defense, and Control) types. Finally, we also perform a statistical analysis in terms of paper publication times, author institutes, countries, and sponsors to show the current worldwide CPS security research situation. | G61: 44307 | H61: 3 | I61: Free | J61: 0 | K61: Zhenhua Wang , Wei Xie *, Baosheng Wang, Jing Tao and Enze Wang | L61: China | M61: EN | N61: MDPI | V61: =P61*'Data and TEMP'!$C$13+Q61*'Data and TEMP'!$C$14+R61*'Data and TEMP'!$C$15+S61*'Data and TEMP'!$C$16+T61*'Data and TEMP'!$C$17+U61*'Data and TEMP'!$C$18 -> 0
A62: 61 | B62: 61 | C62: First | D62: Chapter 4 - State-of-the-art of Korean smart cities: A critical review of the Sejong smart city plan | E62: https://www.sciencedirect.com/science/article/pii/B9780128188866000046 | F62: South Korea has been a pioneer in the making of smart cities since the early 2000s, as manifested in the Ubiquitous City initiative and recent progress toward Smart Cities. The most recent smart city making idea is reflected in the pilot project, the Sejong 5-1 Neighborhood. An emphasis on Korean smart cities is a combined outcome of confidence in ICT and accumulated know-how gained from new town development. Sejong 5-1 aims to enhance sustainability, livability, and productivity by incorporating technological inputs into new urban development. The chapter offers a critical review of Sejong 5-1 from which learnings can be applied to other smart city making projects. | G62: 44099 | H62: 3 | I62: Payment | J62: 31.5 | K62: JunyoungChoiaHyung MinKimb | L62: Korea, Australia | M62: EN | N62: ScienceDirect | V62: =P62*'Data and TEMP'!$C$13+Q62*'Data and TEMP'!$C$14+R62*'Data and TEMP'!$C$15+S62*'Data and TEMP'!$C$16+T62*'Data and TEMP'!$C$17+U62*'Data and TEMP'!$C$18 -> 0
A63: 62 | B63: 62 | C63: First | D63: Managing crowded museums: Visitors flow measurement, analysis, modeling, and optimization | E63: https://www.sciencedirect.com/science/article/pii/S1877750321000521 | F63: We present an all-around study of the visitors flow in crowded museums: a combination of Lagrangian field measurements and statistical analyses enable us to create stochastic digital-twins of the guest dynamics, unlocking comfort- and safety-driven optimizations. Our case study is the Galleria Borghese museum in Rome (Italy), in which we performed a real-life data acquisition campaign. We specifically employ a Lagrangian IoT-based visitor tracking system based on Raspberry Pi receivers, displaced in fixed positions throughout the museum rooms, and on portable Bluetooth Low Energy beacons handed over to the visitors. Thanks to two algorithms: a sliding window-based statistical analysis and an MLP neural network, we filter the beacons RSSI and accurately reconstruct visitor trajectories at room-scale. Via a clustering analysis, hinged on an original Wasserstein-like trajectory-space metric, we analyze the visitors paths to get behavioral insights, including the most common flow patterns. On these bases, we build the transition matrix describing, in probability, the room-scale visitor flows. Such a matrix is the cornerstone of a stochastic model capable of generating visitor trajectories in silico. We conclude by employing the simulator to enhance the museum fruition while respecting numerous logistic and safety constraints. This is possible thanks to optimized ticketing and new entrance/exit management. | G63: 44289 | H63: 4 | I63: Free | J63: 0 | K63: P.CentorrinoaA.CorbettabE.CristianicE.Onofric | L63: Italy, Netherlands | M63: EN | N63: ScienceDirect | V63: =P63*'Data and TEMP'!$C$13+Q63*'Data and TEMP'!$C$14+R63*'Data and TEMP'!$C$15+S63*'Data and TEMP'!$C$16+T63*'Data and TEMP'!$C$17+U63*'Data and TEMP'!$C$18 -> 0
A64: 63 | B64: 63 | C64: First | D64: Analysis of Core Technologies and Implementation Services for Smart City | E64: https://www.turcomat.org/index.php/turkbilmat/article/view/898 | F64: Smart City Platform is a software that optimally allocates resources and provides services to citizens by utilizing ICT technologies such as artificial intelligence, IoT, virtual reality, augmented reality, and 5G mobile communication to solve various urban problems occurring in the city.In order to implement the Smart City environment, basic platform technologies such as artificial intelligence, big data, network, Internet of Things(IoT) and Cloud computing are essential.In this paper, we used the big data analysis tool ‘BigKinds’ to lookup the topic 'Smart City Technology' and 'Smart City IoT' in news, editorials and quotations. After analyzing them, we then derived the core technologies needed in building a Smart City. Furthermore, we introduced the concept of the basic Smart City technologies and then deduced implications and drew a conclusion by analyzing both the local and foreign Smart City construction services. In addition, it compared and analyzed the core technologies for supporting services in various smart cities.The Smart City’s basic technologies and service analysis can be utilized by the local government to effectively establish policies and technology strategies in the Smart City industry. | G64: 44291 | H64: 2 | I64: Free | J64: 0 | K64: Jae-saeng Kim, Han-Yong Choi | L64: Korea | M64: EN | N64: Turkish Journal of Computer and Mathematics Education | V64: =P64*'Data and TEMP'!$C$13+Q64*'Data and TEMP'!$C$14+R64*'Data and TEMP'!$C$15+S64*'Data and TEMP'!$C$16+T64*'Data and TEMP'!$C$17+U64*'Data and TEMP'!$C$18 -> 0 | X64: the method is more important than the content
A65: 64 | B65: 64 | C65: First | D65: 5 - Data management from the DCS to the historian and HMI | E65: https://www.sciencedirect.com/science/article/pii/B9780128197424000056 | F65: In today's global and fast changing business environment, the urgency with multinational companies to find readily implementable digital solutions has increased significantly as the underlying science yielding operational and business improvements has matured over the past decade. Companies lacking innovative ways to extract incremental value from existing and new business ventures will be left behind. Manufacturing plants, in general, manage billion dollars’ worth of raw and finished products daily across the United States and globally. The quantities of data analyzed in a product lifecycle, capturing cost to produce, logistics, working capital, and other ancillary costs are massive and difficult to both consolidate and integrate. Many production companies still rely heavily on manual processes to evaluate opportunities and economics. | G65: 44225 | H65: 4 | I65: Payment | J65: 31.5 | K65: JimCrompton | L65: USA | M65: EN | N65: ScienceDirect | V65: =P65*'Data and TEMP'!$C$13+Q65*'Data and TEMP'!$C$14+R65*'Data and TEMP'!$C$15+S65*'Data and TEMP'!$C$16+T65*'Data and TEMP'!$C$17+U65*'Data and TEMP'!$C$18 -> 0
A66: 65 | B66: 65 | C66: First | D66: The Digital Transformation of Logistics: Demystifying Impacts of the Fourth Industrial Revolution | E66: https://books.google.pl/books?hl=pl&lr=&id=t9QnEAAAQBAJ&oi=fnd&pg=PA363&dq=%22edge%22+%22digital+twin%22+%22mobility%22+%22security%22+%22experience%22&ots=ACdAw9_sw-&sig=8-ssvZ3GJ8-nyEBZgDOML0gA9uI&redir_esc=y#v=onepage&q&f=false | F66: The digital transformation is in full swing and fundamentally changes how we live, work, and communicate with each other. From retail to finance, many industries see an inflow of new technologies, disruption through innovative platform business models, and employees struggling to cope with the significant shifts occurring. This Fourth Industrial Revolution is predicted to also transform Logistics and Supply Chain Management, with delivery systems becoming automated, smart networks created everywhere, and data being collected and analyzed universally. The Digital Transformation of Logistics: Demystifying Impacts of the Fourth Industrial Revolution provides a holistic overview of this vital subject clouded by buzz, hype, and misinformation. The book is divided into three themed-sections: Technologies such as self-driving cars or virtual reality are not only electrifying science fiction lovers anymore, but are also increasingly presented as cure-all remedies to supply chain challenges. In The Digital Transformation of Logistics: Demystifying Impacts of the Fourth Industrial Revolution, the authors peel back the layers of excitement that have grown around new technologies such as the Internet of Things (IoT), 3D printing, Robotic Process Automation (RPA), Blockchain or Cloud computing, and show use cases that give a glimpse about the fascinating future we can expect. Platforms that allow businesses to centrally acquire and manage their logistics services disrupt an industry that has been relationship-based for centuries. The authors discuss smart contracts, which are one of the most exciting applications of Blockchain, Software as a Service (SaaS) offerings for freight procurement, where numerous data sources can be integrated and decision-making processes automated, and marine terminal operating systems as an integral node for shipments. In The Digital Transformation of Logistics: Demystifying Impacts of the Fourth Industrial Revolution, insights are shared into the cold chain industry where companies respond to increasing quality demands, and how European governments are innovatively responding to challenges of cross-border eCommerce. People are a vital element of the digital transformation and must be on board to drive change. The Digital Transformation of Logistics: Demystifying Impacts of the Fourth Industrial Revolution explains how executives can create sustainable impact and how competencies can be managed in the digital age - especially for sales executives who require urgent upskilling to remain relevant. Best practices are shared for organizational culture change, drawing on studies among senior leaders from the US, Singapore, Thailand, and Australia, and for managing strategic alliances with logistics service providers to offset risks and create cross-functional, cross-company transparency. The Digital Transformation of Logistics: Demystifying Impacts of the Fourth Industrial Revolution provides realistic insights, a ready-to-use knowledge base, and a working vocabulary about current activities and emerging trends of the Logistics industry. Intended readers are supply chain professionals working for manufacturing, trading, and freight forwarding companies as well as students and all interested parties. | G66: 44292 | H66: 4 | I66: Free | J66: 0 | K66: Mac Sullivan (Editor), Johannes Kern (Editor) | L66: USA, China | M66: EN | N66: IEEE | V66: =P66*'Data and TEMP'!$C$13+Q66*'Data and TEMP'!$C$14+R66*'Data and TEMP'!$C$15+S66*'Data and TEMP'!$C$16+T66*'Data and TEMP'!$C$17+U66*'Data and TEMP'!$C$18 -> 0
A67: 66 | B67: 66 | C67: First | D67: Usage of Artificial Intelligence to Improve Secure Software Development | E67: https://dergipark.org.tr/en/pub/isrjournal/issue/60409/824662 | F67: C# is an object-oriented software language that was developed by Microsoft and runs on the .NET framework. It has the ninth in Github, and it would cause a great impact in .NET. Main method for the situation is mainly using the machine learning techniques to analyze the source code and determine the security level of a source code. Our focus point is the source code files that written in C#. By evaluating the source code elements of software, the framework could proclaim that either a software product is secure or not, thus developer can make necessary arrangement in his or her code. It is important, because securing the code during the creation of the software is easy as compared with the end of the software creation. As part of a limited literature review study, we have analyzed 3 main articles in detail. An assessment of the review is conducted according to artificial neural network logic to help improve the Security of C# software development. | G67: 44229 | H67: 5 | I67: Free | J67: 0 | K67: Ahmet EFE | L67: Turkey | M67: EN | V67: =P67*'Data and TEMP'!$C$13+Q67*'Data and TEMP'!$C$14+R67*'Data and TEMP'!$C$15+S67*'Data and TEMP'!$C$16+T67*'Data and TEMP'!$C$17+U67*'Data and TEMP'!$C$18 -> 0
A68: 67 | B68: 67 | C68: First | D68: End-effector tools State of Health estimation: a data driven approach | E68: https://webthesis.biblio.polito.it/18050/1/tesi.pdf | F68: Nowadays, the focus on efficient and cost saving maintenance techniques is the goal of both research and industrial areas. It is clear that the advantages coming from preserving the continuity of the industrial line can make the difference with main competitors. The main technologies available in the literature and on the field that handle this topic make relevant use of machine learning algorithms, thus requiring high computational resources. On the contrary, the MorePRO project aims to introduce itself in this slice of the market, proposing an innovative edge computing device, able to carry out an on-line prediction of the State of Health of CNC machines. The main idea concerns the realization of a new product, that combines a consistent use of the multi-model approach, already refined by brain Technologies in the BAT-MAN and ERMES projects (based on some techniques such as Kalman filtering and residual error analysis), along with a data driven tool used to increase the robustness of the prediction. In this way, on the one hand, an effective and short-term estimate of usury is obtained, on the other, the possibility of refining the estimate itself in the long term. The main steps followed in this Thesis work are the building of the model under assumption, the application and testing of the methods coming from the previous projects and finally the implementation of the learning algorithms for the previously mentioned purposes. | G68: 44287 | H68: 3 | I68: Free | J68: 0 | K68: Davide Zanon | L68: Italy | M68: EN | N68: Politecnico di Torino | V68: =P68*'Data and TEMP'!$C$13+Q68*'Data and TEMP'!$C$14+R68*'Data and TEMP'!$C$15+S68*'Data and TEMP'!$C$16+T68*'Data and TEMP'!$C$17+U68*'Data and TEMP'!$C$18 -> 0
A69: 68 | B69: 68 | C69: First | D69: Connectors of smart design and smart systems | E69: https://www.cambridge.org/core/journals/ai-edam/article/connectors-of-smart-design-and-smart-systems/C70B9BDB79EC600650EF4E3F72A627AB | F69: Though they can be traced back to different roots, both smart design and smart systems have to do with the recent developments of artificial intelligence. There are two major questions related to them: (i) What way are smart design and smart systems enabled by artificial narrow, general, or super intelligence? and (ii) How can smart design be used in the realization of smart systems? and How can smart systems contribute to smart designing? A difficulty is that there are no exact definitions for these novel concepts in the literature. The endeavor to analyze the current situation and to answer the above questions stimulated an exploratory research whose first findings are summarized in this paper. Its first part elaborates on a plausible interpretation of the concept of smartness and provides an overview of the characteristics of smart design as a creative problem solving methodology supported by artificial intelligence. The second part exposes the paradigmatic features and system engineering issues of smart systems, which are equipped with application-specific synthetic system knowledge and reasoning mechanisms. The third part presents and elaborates on a conceptual model of AI-based couplings of smart design and smart systems. The couplings may manifest in various concrete forms in real life that are referred to as “connectors” in this paper. The principal types of connectors are exemplified and discussed. It has been found that smart design tends to manifest as a methodology of blue-printing smart systems and that smart systems will be intellectualized the enablers of implementation of smart design. Understanding the affordances of and creating proper connectors between smart design and smart systems need further explorative research. | G69: 44305 | H69: 4 | I69: Free | J69: 0 | K69: Imre Horváth | L69: Netherlands | M69: EN | N69: University of Cambridge | V69: =P69*'Data and TEMP'!$C$13+Q69*'Data and TEMP'!$C$14+R69*'Data and TEMP'!$C$15+S69*'Data and TEMP'!$C$16+T69*'Data and TEMP'!$C$17+U69*'Data and TEMP'!$C$18 -> 0
A70: 69 | B70: 69 | C70: First | D70: A Comprehensive Survey on 6G Networks:Applications, Core Services, Enabling Technologies, and Future Challenges | E70: https://arxiv.org/abs/2101.12475 | F70: The fifth-generation (5G) of cellular networks use revolutionary and evolutionary technologies to notably improve wireless communication performance. However, given the envisioned new use cases (e.g., holographic communication) and the ever-increasing deployment of smart-physical end devices, the volume of network traffic has considerably raised, and the current mobile networks cannot wholly meet the ever-increasing demands. Hence, it is envisioned that 6G networks will play a critical role to alleviate these challenges by providing new communication services, network capacity, and ultra-low latency communications. In this paper, first, the need of 6G networks is discussed. Then, the potential 6G requirements and trends, as well as the latest research activities related to 6G are introduced. Furthermore, the key performance indicators, applications, new services, and the potential key enabling technologies for 6G networks are presented. Finally, several potential unresolved challenges for future 6G networks are presented. | G70: 44225 | H70: 3 | I70: Free | J70: 0 | K70: Amin Shahraki, Mahmoud Abbasi, Md. Jalil Piran, Mingzhe Chen, Shuguang Cui | L70: USA, Korea, Iran | M70: EN | N70: Cornell University | V70: =P70*'Data and TEMP'!$C$13+Q70*'Data and TEMP'!$C$14+R70*'Data and TEMP'!$C$15+S70*'Data and TEMP'!$C$16+T70*'Data and TEMP'!$C$17+U70*'Data and TEMP'!$C$18 -> 0
A71: 70 | B71: 70 | C71: First | D71: Promoting the diffusion of technology to boost productivity and well-being in Korea | E71: https://www.oecd-ilibrary.org/economics/promoting-the-diffusion-of-technology-to-boost-productivity-and-well-being-in-korea_51ea75a5-en | F71: Korea is a top player in emerging digital technologies, with an outstanding digital infrastructure and a dynamic ICT sector. The COVID-19 outbreak highlighted the importance of digitalisation to contain the spread of the virus, by allowing quick testing and tracing of infected people, and spurred the development of the "untact economy". Remote access both facilitated physical distancing and mitigated the economic impact of the crisis by enabling more people to continue working. Digital technologies offer opportunities to raise firms’ productivity and the population’s well-being. However, wide productivity gaps between large firms and SMEs and between manufacturing and services weigh on economy-wide productivity, which is far below the OECD average. A wide skills gap between youth and older generations prevents an increasing share of the population from taking part in and enjoying the benefits from a digitalised economy. This paper suggests ways to narrow the digital divide by enhancing the diffusion of digital technologies among firms and among individuals. Increased participation in quality ICT education and training for students, teachers, SME workers and older people is key to address the lack of adequate skills and awareness of digital benefits or dangers (online security, cyberbullying, addiction). Promoting innovation networks between SMEs, academia and large firms through vouchers or platforms can support SMEs’ R&D and commercialisation of innovative goods and services. Waiving stringent regulations through regulatory sandboxes can help identify and alter regulations that hinder the adoption and diffusion of digital technologies. | G71: 44217 | H71: 3 | I71: Free | J71: 0 | K71: Mathilde Pak | L71: Korea | M71: EN | N71: OECD iLibrary | V71: =P71*'Data and TEMP'!$C$13+Q71*'Data and TEMP'!$C$14+R71*'Data and TEMP'!$C$15+S71*'Data and TEMP'!$C$16+T71*'Data and TEMP'!$C$17+U71*'Data and TEMP'!$C$18 -> 0
A72: 71 | B72: 71 | C72: First | D72: Unsettled Issues on the Viability and Cost-Effectiveness of Automation in Aerospace Manufacturing | E72: https://www.sae.org/publications/technical-papers/content/EPR2021005/ | F72: The aerospace manufacturing industry is, in many ways, one of the most sophisticated commercial manufacturing systems in existence. It uses cutting-edge materials to build highly complex, safety-critical structures and parts. However, it still relies largely upon human skill and dexterity during assembly. There are increasing efforts to introduce automation, but uptake is still relatively low. Why is this and what needs to be done? Some may point to part size or the need for accuracy. However, as with any complex issue, the problems are multifactorial. There are no right or wrong answers to the automation conundrum and indeed there are many contradictions and unsettled aspects still to be resolved. Unsettled Issues on the Viability and Cost-Effectiveness of Automation in Aerospace Manufacturing builds a comprehensive picture of industry views and attitudes backed by technical analysis to answer some of the most pressing questions facing robotic aerospace manufacturing. | G72: 44242 | H72: 3 | I72: Payment | J72: 120 | K72: Philip Webb | L72: UK | M72: SAE International | V72: =P72*'Data and TEMP'!$C$13+Q72*'Data and TEMP'!$C$14+R72*'Data and TEMP'!$C$15+S72*'Data and TEMP'!$C$16+T72*'Data and TEMP'!$C$17+U72*'Data and TEMP'!$C$18 -> 0
A73: 72 | B73: 72 | C73: First | D73: Food Logistics 4.0: Opportunities and Challenges | E73: https://www.mdpi.com/2305-6290/5/1/2 | F73: Food Logistics 4.0 is a term derived from Industry 4.0 focusing on all the aspects of food logistics management based on cyber-physical systems. It states that real-time information and the interconnectivity of things, supplemented with novel technologies will revolutionise and improve the way food logistics is carried out. It has tremendous potential in terms of bringing transparency, swift delivery of food at reduced cost, flexibility, and capability to deliver the right quality product at the right place and at the right time. This paper discusses the vital technologies within Food Logistics 4.0 and the opportunities and challenges in this regard. It focuses primarily on food logistics, including resource planning, warehouse management, transportation management, predictive maintenance, and data security. Internet of Things, Blockchain, Robotics and Automation and artificial intelligence are some of the technologies discussed | G73: 44195 | H73: 2 | I73: Free | J73: 0 | K73: Sandeep Jagtap 1,*OrcID,Farah Bader 2,Guillermo Garcia-Garcia 3OrcID,Hana Trollman 2OrcID,Tobi Fadiji 4OrcID andKonstantinos Salonitis 1OrcID | L73: UK, South Africa | M73: MDPI | V73: =P73*'Data and TEMP'!$C$13+Q73*'Data and TEMP'!$C$14+R73*'Data and TEMP'!$C$15+S73*'Data and TEMP'!$C$16+T73*'Data and TEMP'!$C$17+U73*'Data and TEMP'!$C$18 -> 0
A74: 73 | B74: 73 | C74: First | D74: Modern methods in the field of machine modelling and simulation as a research and practical issue related to Industry 4.0 | E74: https://journals.pan.pl/dlibra/publication/136717/edition/119401/content | F74: Artificial intelligence (AI) is changing many areas of technology in the public and private spheres, including the economy. This report reviews issues related to machine modelling and simulations concerning further development of mechanical devices and their control systems as part of novel projects under the Industry 4.0 paradigm. The challenges faced by the industry have generated novel technologies used in the construction of dynamic, intelligent, flexible and open applications, capable of working in real time environments. Thus, in an Industry 4.0 environment, the data generated by sensor networks requires AI/CI to apply close-to-real-time data analysis techniques. In this way industry can face both fresh opportunities and challenges, including predictive analysis using computer tools capable of detecting patterns in the data based on the same rules that can be used to formulate the prediction. | G74: 44197 | H74: 3 | I74: Free | J74: 0 | K74: Izabela ROJEK 1*, Marek MACKO 2 , Dariusz MIKOŁAJEWSKI 1 , Milan SÁGA 3 , and Tadeusz BURCZYŃSKI 4 | L74: Poland, Slovakia | M74: PAN | V74: =P74*'Data and TEMP'!$C$13+Q74*'Data and TEMP'!$C$14+R74*'Data and TEMP'!$C$15+S74*'Data and TEMP'!$C$16+T74*'Data and TEMP'!$C$17+U74*'Data and TEMP'!$C$18 -> 0
A75: 74 | B75: 74 | C75: First | D75: The impact of intelligent automation in internal supply chains | E75: https://www.inderscienceonline.com/doi/abs/10.1504/IJISM.2021.113563 | F75: Nowadays, industry is being forced to produce smaller and more diverse batches, increasing the complexity of internal supply chains. Data has become a valuable asset, supporting the development of intelligent automation solutions. Decision support systems, which leverage data, require the automation pyramid to be more flexible, as information needs to be exchanged simultaneously and in real-time with all automation layers. This paper proposes a framework for intelligent automation to deal with current challenges in acquisition and management of data in industrial settings, towards feeding decision support systems. It frames the topic within the scope of internal supply chains, addressing the framework impact on work practices within the organisation. Two real industrial implementation cases are examined, in the wood and chemical industries. Results help practitioners address the most impactful challenges affecting the performance of internal supply chains, by developing systems which are faster, more flexible, efficient and with improved quality. | G75: 44232 | H75: 3 | I75: Payment | J75: 40 | K75: Tiago Coito Related information1IDMEC, Instituto Superior Técnico, Universidade de Lisboa, Lisboa, Portugal , Joaquim L. Viegas Related information2IDMEC, Instituto Superior Técnico, Universidade de Lisboa, Lisboa, Portugal , Miguel S.E. Martins Related information3IDMEC, Instituto Superior Técnico, Universidade de Lisboa, Lisboa, Portugal , Bernardo Firme Related information4IDMEC, Instituto Superior Técnico, Universidade de Lisboa, Lisboa, Portugal , João Figueiredo Related information5IDMEC, Universidade de Évora, Évora, Portugal , Susana M. Vieira Related information6IDMEC, Instituto Superior Técnico, Universidade de Lisboa, Lisboa, Portugal , João Miguel Da Costa Sousa Related information | L75: Portugal | M75: EN | N75: InderScience Online | V75: =P75*'Data and TEMP'!$C$13+Q75*'Data and TEMP'!$C$14+R75*'Data and TEMP'!$C$15+S75*'Data and TEMP'!$C$16+T75*'Data and TEMP'!$C$17+U75*'Data and TEMP'!$C$18 -> 0
A76: 75 | B76: 75 | C76: First | D76: Impact of Internet of Things (IoT) on 5G | E76: https://link.springer.com/chapter/10.1007/978-981-15-6202-0_14 | F76: Currently, a disconnected system makes a major challenge for IoT technologies. The ability of 5G to transmit data more quickly and support further links can benefit at once address the present challenge and simplify the connected device control. In contrast, using 4G/LTE networks, 5G will be able to process data quickly, which was a challenge for IoT solutions. The consequence has been long delays from sending data to receiving it. By using the 5G network, more users could continuously send more information without fear of overcrowding the network, leading to delays in the past. The 5G connectivity would allow everyone to realize the IoT technology’s strength. Now, IoT potential is vast, but the potential connectivity will come to fruition with 5G technology. Using sensors, “Smart” apps can easily transmit data even from thousands of miles away. In this paper, we discuss the impact and importance of 5G on IoT with its applications. As IoT is more established and essential due to the rapid growth of 5G, we discuss the establishment and necessity of IoT over 5G. Lastly, we focus on the aspect of IoT on updated 5G technology. | G76: 44072 | H76: 5 | I76: Payment | J76: 30.69 | K76: Mitrabinda KhuntiaEmail authorDebabrata SinghSipra Sahoo | L76: India | M76: EN | N76: SpringerLink | V76: =P76*'Data and TEMP'!$C$13+Q76*'Data and TEMP'!$C$14+R76*'Data and TEMP'!$C$15+S76*'Data and TEMP'!$C$16+T76*'Data and TEMP'!$C$17+U76*'Data and TEMP'!$C$18 -> 0
A77: 76 | B77: 76 | C77: First | D77: A Tutorial on Ultrareliable and Low-Latency Communications in 6G: Integrating Domain Knowledge Into Deep Learning | E77: https://ieeexplore.ieee.org/abstract/document/9369424/authors#authors | F77: As one of the key communication scenarios in the fifth-generation and also the sixth-generation (6G) mobile communication networks, ultrareliable and low-latency communications (URLLCs) will be central for the development of various emerging mission-critical applications. State-of-the-art mobile communication systems do not fulfill the end-to-end delay and overall reliability requirements of URLLCs. In particular, a holistic framework that takes into account latency, reliability, availability, scalability, and decision-making under uncertainty is lacking. Driven by recent breakthroughs in deep neural networks, deep learning algorithms have been considered as promising ways of developing enabling technologies for URLLCs in future 6G networks. This tutorial illustrates how domain knowledge (models, analytical tools, and optimization frameworks) of communications and networking can be integrated into different kinds of deep learning algorithms for URLLCs. We first provide some background of URLLCs and review promising network architectures and deep learning frameworks for 6G. To better illustrate how to improve learning algorithms with domain knowledge, we revisit model-based analytical tools and cross-layer optimization frameworks for URLLCs. Following this, we examine the potential of applying supervised/unsupervised deep learning and deep reinforcement learning in URLLCs and summarize related open problems. Finally, we provide simulation and experimental results to validate the effectiveness of different learning algorithms and discuss future directions. | G77: 44259 | H77: 5 | I77: Payment | J77: 80 | K77: Changyang She; Chengjian Sun; Zhouyou Gu; Yonghui Li; Chenyang Yang; H. Vincent Poor; Branka Vucetic | L77: China, Australia, USA | M77: EN | N77: IEEE | V77: =P77*'Data and TEMP'!$C$13+Q77*'Data and TEMP'!$C$14+R77*'Data and TEMP'!$C$15+S77*'Data and TEMP'!$C$16+T77*'Data and TEMP'!$C$17+U77*'Data and TEMP'!$C$18 -> 0
A78: 77 | B78: 77 | C78: First | D78: Social Innovation Business Through Value Co-creation with Customers Powered by Lumada: A Case Study of Hitachi Ltd. | E78: https://link.springer.com/chapter/10.1007/978-981-15-7658-4_4 | F78: Hitachi is a unique company which has accumulated manufacturing expertise, ICT and operational technology since its founding more than a century ago. Hitachi is now evolving its Social Innovation Business through digital technology and accelerating collaborative value creation with customers. One of key success factors is Lumada: Hitachi’s IoT core platform providing advanced digital solutions, services, and technologies for turning customers’ data into insights to drive digital innovation. This chapter introduces how Lumada contributes to value co-creation with customers in the era of AI/IoT. | G78: 44084 | H78: 2 | I78: Payment | J78: 30.69 | K78: Masaharu Akatsu | L78: Japan | M78: EN | N78: SpringerLink | V78: =P78*'Data and TEMP'!$C$13+Q78*'Data and TEMP'!$C$14+R78*'Data and TEMP'!$C$15+S78*'Data and TEMP'!$C$16+T78*'Data and TEMP'!$C$17+U78*'Data and TEMP'!$C$18 -> 0 | X78: https://www.hitachi.com/products/it/lumada/global/en/about/
A79: 78 | B79: 78 | C79: First | D79: Blockchain-based authentication and authorization for smart city applications | E79: https://www.sciencedirect.com/science/article/pii/S0306457320309584?casa_token=GrdN2tuutbcAAAAA:ySgNZJUWgIuUje2mEdePfXADs-jBTZESt9W-s-UTafoW5GNzFz44ccFPs0_mNZzjCukQMkIx | F79: The platforms supporting the smart city applications are rarely implemented from scratch by a municipality and/or totally owned by a single company, but are more typically realized by integrating some existing ICT infrastructures thanks to a supporting platform, such as the well known FIWARE platform. Such a multi-tenant deployment model is required to lower the initial investment costs to implement large scale solutions for smart cities, but also imposes some key security obstacles. In fact, smart cities support critical applications demanding to protect the data and functionalities from malicious and unauthorized uses. Equipping the supporting platforms with proper means for access control is demanding, but these means are typically implemented according to a centralized approach, where a single server stores and makes available a set of identity attributes and authorization policies. Having a single root of trust is not suitable in a distributed and cooperating scenario of large scale smart cities due to their multi-tenant deployment. In fact, each of the integrated system has its own set of security policies, and the other systems need to be aware of these policy, in order to allow a seamless use of the same credentials across the overall infrastructure (realizing what is known as the single-sign-on). This imposes the problem of consistent and secure data replicas within a distributed system, which can be properly approached by using the blockchain technology. Therefore, this work proposes a novel solution for distributed management of identity and authorization policies by leveraging on the blockchain technology to hold a global view of the security policies within the system, and integrating it in the FIWARE platform. A detailed assessment is provided to evaluate the goodness of the proposed approach and to compare it with the existing solutions. | G79: 44186 | H79: 3 | I79: Free | J79: 0 | K79: ChristianEspositoaMassimoFiccobBrij BhooshanGuptacd | L79: Italy, India, Taiwan | M79: EN | N79: ScienceDirect | V79: =P79*'Data and TEMP'!$C$13+Q79*'Data and TEMP'!$C$14+R79*'Data and TEMP'!$C$15+S79*'Data and TEMP'!$C$16+T79*'Data and TEMP'!$C$17+U79*'Data and TEMP'!$C$18 -> 0
A80: 79 | B80: 79 | C80: First | D80: Multi-Cloud Adoption Challenges for the Cloud-Native Era: Best Practices and Solution Approaches | E80: https://www.igi-global.com/article/multi-cloud-adoption-challenges-for-the-cloud-native-era/274339 | F80: With the ready availability of appropriate technologies and tools for crafting hybrid clouds, the move towards employing multiple clouds for hosting and running various business workloads is garnering subtle attention. The concept of cloud-native computing is gaining prominence with the faster proliferation of microservices and containers. The faster stability and maturity of container orchestration platforms also greatly contribute towards the cloud-native era. This paper guarantees the following contributions: 1) It describes the key motivations for multi-cloud concept and implementations. 2) It also highlights various key drivers of the multi-cloud paradigm. 3) It presents a brew of challenges that are likely to occur while setting up multi-cloud. 4) It elaborates the proven and potential solution approaches to solve the challenges. The technology-inspired and tool-enabled solution approaches significantly simplify and speed up the adoption of the fast-emerging and evolving multi-cloud concept in the cloud-native era. | G80: 44197 | H80: 5 | I80: Payment | J80: 37.5 | K80: Pethuru Raj Chelliah (Reliance Jio Ltd., Bangalore, India) and Chellammal Surianarayanan (Bharathidasan University Constituent Arts and Science College, Bharathidasan University, Tiruchirappalli, India) | L80: India | M80: EN | N80: IGI Global | V80: =P80*'Data and TEMP'!$C$13+Q80*'Data and TEMP'!$C$14+R80*'Data and TEMP'!$C$15+S80*'Data and TEMP'!$C$16+T80*'Data and TEMP'!$C$17+U80*'Data and TEMP'!$C$18 -> 0
A81: 80 | B81: 80 | C81: First | D81: The role of the digital twin in Industry 4.0 | E81: https://incoseil.org/files/EN_The_Voice_Of_Systems_Jan_21_V3.pdf | F81: The move towards advanced manufacturing and industry 4.0 is fed by increased demand for speeding up innovation, increasing flexibility, improving maintenance, becoming more customized while saving on total cost of operations. The move is accompanied by increased dependence on virtual product and process development, including data driven process, physics-based hybrid models and product knowledge. Other characteristics affecting modern design, manufacturing as well as maintenance, include big data intelligence in product, process and maintenance, globally competitive operations, added manufacturing, flexible manufacturing and robotics, sensor technology, smart value/supply chains and industrial information technology backbones. This paper is about surrogate models, also called digital twins, that are providing an important complementary capacity to physical assets. Digital twins capture past, present and predicted behavior of physical assets. Digital twin models are updated periodically to represent the current state of physical assets. We review the role of digital twins, with an emphasis on Industry 4.0 applications emphasizing analytic models in the context f monitoring, diagnostics, prognostics, and prescriptive analytics | G81: 44228 | H81: 3 | I81: Free | J81: 0 | K81: Jacob Bortman, Department of Mechanical Engineering, Ben Gurion University, Israel Ron S. Kenett, KPA, Raanana and Samuel Neaman Institute, Technion, Israel | L81: Israel | M81: EN | N81: The Journal Of The Israeli Systems Engineers | V81: =P81*'Data and TEMP'!$C$13+Q81*'Data and TEMP'!$C$14+R81*'Data and TEMP'!$C$15+S81*'Data and TEMP'!$C$16+T81*'Data and TEMP'!$C$17+U81*'Data and TEMP'!$C$18 -> 0
A82: 81 | B82: 81 | C82: First | D82: Review and Implementation of Resilient Public Safety Networks: 5G, IoT, and Emerging Technologies | E82: https://ieeexplore.ieee.org/abstract/document/9387696 | F82: This article highlights the importance of Internet of Things (IoT) and 5G networks in sustainable cities, focusing on disaster management systems. It also discusses suitable 5G communication technologies in disaster affected and communications outage areas. The article surveys various potential emerging communication technologies such as IoT, device-to-device communications, vehicular networks, cloud and fog computing, unmanned aerial vehicles, and sensor networks for disaster situations. The presented work offers insight in collaborative solutions using diverse technologies, which benefit from ever rising wireless connected devices to support communications in natural catastrophes. The article also presents extensive taxonomy for disaster communication systems and shares key results in selected areas. The key requirements for successful deployment of a robust communications system are also presented. | G82: 44281 | H82: 2 | I82: Payment | J82: 33 | K82: Kamran Ali; Huan X. Nguyen; Quoc-Tuan Vien; Purav Shah; Mohsin Raza; Vishnu. V. Paranthaman; Btissam Er-Rahmadi | L82: UK, Pakistan, Brazil | M82: EN | N82: IEEE | V82: =P82*'Data and TEMP'!$C$13+Q82*'Data and TEMP'!$C$14+R82*'Data and TEMP'!$C$15+S82*'Data and TEMP'!$C$16+T82*'Data and TEMP'!$C$17+U82*'Data and TEMP'!$C$18 -> 0
A83: 82 | B83: 82 | C83: First | D83: A smart reporting framework as an application of multi-agent system in machining industry | E83: https://www.tandfonline.com/doi/abs/10.1080/0951192X.2021.1901312?casa_token=F1bNzHa2WAIAAAAA:B6mNcI3aTtHpWJ-eY7HkGVEyiKsP0O4uGmMGQdQbPIVnoVLG6BeQUW0AzQUiXFISxXGPEzV-YiE | F83: Currently, the evolution of cyber-physical systems within the industry 4.0 paradigm enables the collection of large quantities of heterogeneous data that have not yet been efficiently exploited. One of the reasons is the digital chain disruption and lack of communication between the shop floor and operational management departments. To tackle such issues, this paper proposes a reporting framework as a common platform to support communication between the shop floor and operation management teams. The framework is based on a multi-agent system that solves the interoperability issues between tools, software and information systems. Agents are used to represent services such as reporting and are mainly exploited for decision-aiding. A reporting scenario is proposed to address chatter problems in an aeronautic case study. Efficient management of complex data is achieved by providing customized indicators for decision actors. | G83: 44284 | H83: 3 | I83: Payment | J83: 53 | K83: Z. Yahouni,A. Ladj,F. BelkadiORCID Icon,O. MeskiORCID Icon &M. Ritou | L83: France | M83: EN | N83: Taylor & Francis | V83: =P83*'Data and TEMP'!$C$13+Q83*'Data and TEMP'!$C$14+R83*'Data and TEMP'!$C$15+S83*'Data and TEMP'!$C$16+T83*'Data and TEMP'!$C$17+U83*'Data and TEMP'!$C$18 -> 0
A84: 83 | B84: 83 | C84: First | D84: Elastic Computing Resource Virtualization Method for a Service-centric Industrial Internet of Things | E84: https://www.sciencedirect.com/science/article/abs/pii/S1389128621000918?casa_token=EK3MoOkcPbYAAAAA:k3VCkbIq5ew9sch9QFaiPxLve58anCINJbpwtcm_3mphTO3OVir0yP2Lx_8e1v1IZBBlIv4j | F84: The industrial Internet of Things (IIoT) enables the interconnection of machines, devices, resources, and computing technologies to improve the reliability of manufacturing services. The role of Software-Defined Networks (SDNs) and Network Function Virtualization (NFV) are exploited in the IIoT environment to ensure effective management and computing resource utilization. Based on the SDN and NFV paradigms, this article introduces a novel elastic computing resource virtualization (ECRV) method to improve the flexibility of resource management in the IIoT. The need for virtualization is obtained by identifying the control and process platforms used in industrial task management. Support vector machine-based classification learning is used to achieve balanced identification, and prevents unnecessary distribution of limited resources, Support vector machine helps to retain flexibility in task control processes that use available industrial resources. By separating the process and control platforms, service dissemination is improved and backlogs in task processing are decreased. The proposed method could provide flexible virtualization and reduces the service response time and task failure. | G84: 44257 | H84: 4 | I84: Payment | J84: 35.95 | K84: FayezAlqahtaniaMohammedAl-MaitahaKhaldounBesoulbS.K.Elagancd | L84: Saudi Arabia, Egypt | M84: EN | N84: ScienceDirect | V84: =P84*'Data and TEMP'!$C$13+Q84*'Data and TEMP'!$C$14+R84*'Data and TEMP'!$C$15+S84*'Data and TEMP'!$C$16+T84*'Data and TEMP'!$C$17+U84*'Data and TEMP'!$C$18 -> 0
A85: 84 | B85: 84 | C85: First | D85: An Overview of Verification and Validation Challenges for Inspection Robots | E85: https://www.mdpi.com/2218-6581/10/2/67 | F85: The advent of sophisticated robotics and AI technology makes sending humans into hazardous and distant environments to carry out inspections increasingly avoidable. Being able to send a robot, rather than a human, into a nuclear facility or deep space is very appealing. However, building these robotic systems is just the start and we still need to carry out a range of verification and validation tasks to ensure that the systems to be deployed are as safe and reliable as possible. Based on our experience across three research and innovation hubs within the UK’s “Robots for a Safer World” programme, we present an overview of the relevant techniques and challenges in this area. As the hubs are active across nuclear, offshore, and space environments, this gives a breadth of issues common to many inspection robots. | G85: 44315 | H85: 2 | I85: Free | J85: 0 | K85: Michael Fisher 1,*OrcID,Rafael C. Cardoso 1OrcID,Emily C. Collins 1OrcID,Christopher Dadswell 2,Louise A. Dennis 1OrcID,Clare Dixon 1OrcID,Marie Farrell 3OrcID,Angelo Ferrando 1OrcID,Xiaowei Huang 4,Mike Jump 2OrcID,Georgios Kourtis 1,Alexei Lisitsa 4,Matt Luckcuck 3OrcID,Shan Luo 4OrcID,Vincent Page 2,Fabio Papacchini 4OrcID andMatt Webster 5OrcID | L85: UK, Ireland | M85: EN | N85: MDPI | V85: =P85*'Data and TEMP'!$C$13+Q85*'Data and TEMP'!$C$14+R85*'Data and TEMP'!$C$15+S85*'Data and TEMP'!$C$16+T85*'Data and TEMP'!$C$17+U85*'Data and TEMP'!$C$18 -> 0
A86: 85 | B86: 85 | C86: First | D86: The Rise of the New Network Industries: Regulating Digital Platforms | E86: https://books.google.pl/books?hl=pl&lr=&id=ssckEAAAQBAJ&oi=fnd&pg=PT8&dq=%22edge%22+%22digital+twin%22+%22mobility%22+%22security%22+%22experience%22&ots=ndf7BWXvBt&sig=8vGSGzuC46H_h0JP-CEgBpjVMvw&redir_esc=y#v=onepage&q&f=false | F86: Cutting through the confusion around the nature and implications of digitalization, this book explores the rise of the new digital networks, how they affect traditional infrastructure, and how they will eventually need to be regulated. The authors examine how digitalization affects infrastructures in telecommunications, transport, and energy, and how digital platforms establish themselves as a new network on top of and in addition to traditional ones. Complex concepts are introduced through short and colorful stories about the founders of the most popular platforms (Google, Facebook, Skype, Uber, etc.) and how they grew to positions of power, drawing parallels with century-old traditional network industries’ monopoly power (AT&T, General Electric, etc.). The authors argue that these digital platforms strongly interfere with traditional infrastructures that are heavily regulated and provide essential services for society – meaning that digital platforms should be considered as a new and much more powerful type of infrastructure and will require regulation accordingly. | G86: 44321 | H86: 4 | I86: Free | J86: 0 | K86: Matthias Finger, Juan Montero | L86: Spain, Switzerland | M86: EN | N86: Routledge | V86: =P86*'Data and TEMP'!$C$13+Q86*'Data and TEMP'!$C$14+R86*'Data and TEMP'!$C$15+S86*'Data and TEMP'!$C$16+T86*'Data and TEMP'!$C$17+U86*'Data and TEMP'!$C$18 -> 0
A87: 86 | B87: 86 | C87: First | D87: Developing the Next Generation of Augmented Reality Games for Pediatric Healthcare: An Open-Source Collaborative Framework Based on ARCore for Implementing Teaching, Training and Monitoring Applications | E87: https://www.mdpi.com/1424-8220/21/5/1865 | F87: Augmented Reality (AR) provides an alternative to the traditional forms of interaction between humans and machines, and facilitates the access to certain technologies to groups of people with special needs like children. For instance, in pediatric healthcare, it is important to help children to feel comfortable during medical procedures and tests that may be performed on them. To tackle such an issue with the help of AR-based solutions, this article presents the design, implementation and evaluation of a novel open-source collaborative framework that enables to develop teaching, training, and monitoring pediatric healthcare applications. Specifically, such a framework allows for building collaborative applications and shared experiences for AR devices, providing functionalities for connecting with other AR devices and enabling real-time visualization and simultaneous interaction with virtual objects. Since all the communications involved in AR interactions are handled by AR devices, the proposed collaborative framework is able to operate autonomously through a Local Area Network (LAN), thus requiring no cloud or external servers. In order to demonstrate the potential of the proposed framework, a practical use case application is presented. Such an application has been designed to motivate pediatric patients and to encourage them to increase their physical activity through AR games. The presented games do not require any previous configuration, as they use ARCore automatic surface detection technology. Moreover, the AR mobile gaming framework allows multiple players to engage in the same AR experience, so children can interact and collaborate among them sharing the same AR content. In addition, the proposed AR system provides a remote web application that is able to collect and to visualize data on patient use, aiming to provide healthcare professionals with qualified data about the mobility and mood of their patients through an intuitive and user-friendly web tool. Finally, to determine the performance of the proposed AR system, this article presents its evaluation in terms of latency and processing time. The results show that both times are low enough to provide a good user experience | G87: 44262 | H87: 5 | I87: Free | J87: 0 | K87: Aida Vidal-Balea 1,2OrcID,Óscar Blanco-Novoa 1,2OrcID,Paula Fraga-Lamas 1,2,*OrcID andTiago M. Fernández-Caramés 1,2,*OrcID | L87: Spain | M87: EN | N87: MDPI | V87: =P87*'Data and TEMP'!$C$13+Q87*'Data and TEMP'!$C$14+R87*'Data and TEMP'!$C$15+S87*'Data and TEMP'!$C$16+T87*'Data and TEMP'!$C$17+U87*'Data and TEMP'!$C$18 -> 0
A88: 87 | B88: 87 | C88: First | D88: IoT Technologies for Livestock Management: A Review of Present Status, Opportunities, and Future Trends | E88: https://www.mdpi.com/2504-2289/5/1/10 | F88: The world population currently stands at about 7 billion amidst an expected increase in 2030 from 9.4 billion to around 10 billion in 2050. This burgeoning population has continued to influence the upward demand for animal food. Moreover, the management of finite resources such as land, the need to reduce livestock contribution to greenhouse gases, and the need to manage inherent complex, highly contextual, and repetitive day-to-day livestock management (LsM) routines are some examples of challenges to overcome in livestock production. The Internet of Things (IoT)’s usefulness in other vertical industries (OVI) shows that its role will be significant in LsM. This work uses the systematic review methodology of Preferred Reporting Items for Systematic Reviews and Meta-Analyses (PRISMA) to guide a review of existing literature on IoT in OVI. The goal is to identify the IoT’s ecosystem, architecture, and its technicalities—present status, opportunities, and expected future trends—regarding its role in LsM. Among identified IoT roles in LsM, the authors found that data will be its main contributor. The traditional approach of reactive data processing will give way to the proactive approach of augmented analytics to provide insights about animal processes. This will undoubtedly free LsM from the drudgery of repetitive tasks with opportunities for improved productivity | G88: 44253 | H88: 1 | I88: Free | J88: 0 | K88: Bernard Ijesunor Akhigbe 1,2,*OrcID,Kamran Munir 2,3,Olugbenga Akinade 3,Lukman Akanbi 1,3 andLukumon O. Oyedele 3OrcID | L88: UK, Nigeria | M88: EN | N88: MDPI | O88: Agricolture | P88: 2 | Q88: 0 | R88: 0 | S88: 0 | T88: 0 | U88: 0 | V88: =P88*'Data and TEMP'!$C$13+Q88*'Data and TEMP'!$C$14+R88*'Data and TEMP'!$C$15+S88*'Data and TEMP'!$C$16+T88*'Data and TEMP'!$C$17+U88*'Data and TEMP'!$C$18 -> 10 | W88: No
A89: 88 | B89: 88 | C89: First | D89: Cloud-Based Manufacturing (CBM) Interoperability in Industry 4.0 | E89: https://www.igi-global.com/chapter/cloud-based-manufacturing-cbm-interoperability-in-industry-40/276838 | F89: Bernard Ijesunor Akhigbe 1,2,*OrcID,Kamran Munir 2,3,Olugbenga Akinade 3,Lukman Akanbi 1,3 andLukumon O. Oyedele 3OrcID | G89: 44197 | H89: 3 | I89: Payment | J89: 37.5 | K89: István Mezgár, Gianfranco Pedone | L89: Hungary | M89: EN | N89: IGI Global | V89: =P89*'Data and TEMP'!$C$13+Q89*'Data and TEMP'!$C$14+R89*'Data and TEMP'!$C$15+S89*'Data and TEMP'!$C$16+T89*'Data and TEMP'!$C$17+U89*'Data and TEMP'!$C$18 -> 0
A90: 89 | B90: 89 | C90: First | D90: Industry 4.0, a revolution that requires technology and national strategies | E90: https://link.springer.com/article/10.1007/s40747-020-00267-9 | F90: Since 2011, when the concepts of Industry 4.0 were first announced, this industrial revolution has grown and expanded from some theoretical concepts to real-world applications. Its practicalities can be found in many fields and affect nearly all of us in so many ways. While we are adapting to new changes, adjustments are starting to reveal on national and international levels. It is becoming clear that it is not just new innovations at play, technical advancements, governmental policies and markets have never been so intertwined. Here, we generally describe the concepts of Industry 4.0, explain some new terminologies and challenges for clarity and completeness. The key of this paper is that we summarise over 14 countries’ up-to-date national strategies and plans for Industry 4.0. Some of them are bottom-up, such as Portugal, some top-down, such as Italy, a few like the United States had already been moving in this direction long before 2011. We see governments are tailoring their efforts accordingly, and industries are adapting as well as driving those changes. | G90: 44223 | H90: 3 | I90: Free | J90: 0 | K90: Fengwei Yang1 · Sai Gu2 | L90: UK | M90: EN | N90: SpringerLink | V90: =P90*'Data and TEMP'!$C$13+Q90*'Data and TEMP'!$C$14+R90*'Data and TEMP'!$C$15+S90*'Data and TEMP'!$C$16+T90*'Data and TEMP'!$C$17+U90*'Data and TEMP'!$C$18 -> 0
A91: 90 | B91: 90 | C91: First | D91: Insurance 4.0: Benefits and Challenges of Digital Transformation | E91: https://books.google.pl/books?hl=pl&lr=&id=TnkGEAAAQBAJ&oi=fnd&pg=PR5&dq=%22edge%22+%22digital+twin%22+%22mobility%22+%22security%22+%22experience%22&ots=IQerORSp1e&sig=mUT1kRsUSD-M8lps8h2-AutI62s&redir_esc=y#v=onepage&q&f=false | F91: Industry 4.0 has spread globally since its inception in 2011, now encompassing many sectors, including its diffusion in the field of financial services. By combining information technology and automation, it is now canvassing the insurance sector, which is in dire need of digital transformation.This book presents a business model of Insurance 4.0 by detailing its implementation in processes, platforms, persons, and partnerships of the insurance companies alongside looking at future developments. Filled with business cases in insurance companies and financial services, this book will be of interest to those academics and researchers of insurance, financial technology, and digital transformation, alongside executives and managers of insurance companies. | G91: 44135 | H91: 5 | I91: Free | J91: 0 | K91: Bernardo Nicoletti | L91: Italy | M91: EN | N91: Palgrave Macmillan | V91: =P91*'Data and TEMP'!$C$13+Q91*'Data and TEMP'!$C$14+R91*'Data and TEMP'!$C$15+S91*'Data and TEMP'!$C$16+T91*'Data and TEMP'!$C$17+U91*'Data and TEMP'!$C$18 -> 0
A92: 91 | B92: 91 | C92: First | D92: Artificial intelligence in sustainable energy industry: Status Quo, challenges and opportunities | E92: https://www.sciencedirect.com/science/article/abs/pii/S0959652621000548 | F92: The energy industry is at a crossroads. Digital technological developments have the potential to change our energy supply, trade, and consumption dramatically. The new digitalization model is powered by the artificial intelligence (AI) technology. The integration of energy supply, demand, and renewable sources into the power grid will be controlled autonomously by smart software that optimizes decision-making and operations. AI will play an integral role in achieving this goal. This study focuses on the use of AI techniques in the energy sector. This study aims to present a realistic baseline that allows researchers and readers to compare their AI efforts, ambitions, new state-of-the-art applications, challenges, and global roles in policymaking. We covered three major aspects, including: i) the use of AI in solar and hydrogen power generation; (ii) the use of AI in supply and demand management control; and (iii) recent advances in AI technology. This study explored how AI techniques outperform traditional models in controllability, big data handling, cyberattack prevention, smart grid, IoT, robotics, energy efficiency optimization, predictive maintenance control, and computational efficiency. Big data, the development of a machine learning model, and AI will play an important role in the future energy market. Our study’s findings show that AI is becoming a key enabler of a complex, new and data-related energy industry, providing a key magic tool to increase operational performance and efficiency in an increasingly cut-throat environment. As a result, the energy industry, utilities, power system operators, and independent power producers may need to focus more on AI technologies if they want meaningful results to remain competitive. New competitors, new business strategies, and a more active approach to customers would require informed and flexible regulatory engagement with the associated complexities of customer safety, privacy, and information security. Given the pace of development in information technology, AI and data analysis, regulatory approvals for new services and products in the new Era of digital energy markets can be enforced as quickly and efficiently as possible. | G92: 44275 | H92: 3 | I92: Payment | J92: 39.35 | K92: TanveerAhmadabDongdongZhangcChaoHuangaeHongcaiZhangaNingyiDaiaYonghuaSongafHuanxinChend | L92: China | M92: EN | N92: ScienceDirect | V92: =P92*'Data and TEMP'!$C$13+Q92*'Data and TEMP'!$C$14+R92*'Data and TEMP'!$C$15+S92*'Data and TEMP'!$C$16+T92*'Data and TEMP'!$C$17+U92*'Data and TEMP'!$C$18 -> 0
A93: 92 | B93: 92 | C93: First | D93: A computing toolkit for building efficient autonomous applications leveraging humanistic intelligence (TEACHING) | E93: https://teaching-h2020.eu/sites/default/files/docs/TEACHING-D3.1-final.pdf | F93: TEACHING project’s workpackage 3 aims to enhance the project’s technology brick development by building a dependable engineering environment that supports the development of self-adaptive artificial humanistic intelligence in a dependable manner. In this context, WP3 focuses on the establishment of engineering methods, architectural concepts and design patterns that can be used to develop dependable and AI-based autonomous system development. Dependability engineering of adaptive, cloud-based and/or AI-based systems is still a topic where first concepts need to be instantiated (like practical processes and methods, covering the whole lifecycle). The assurance of dependability, especially considering novel AI-based and/or dynamical runtime-based approaches, is still an open issue that is lacking in common solution so far. To that aim, the goal of this deliverable is to identify gaps with existing solutions for the management of CPSoSs throughout their life cycle including design and operational phases (architectural frameworks, conceptual models, process frameworks etc.). Based on this analysis, architectural, process and development framework will be developed to support automated dependability evaluation of CPSoS (Obj. 5 of TEACHING project). In compliance with its intended purpose for the TEACHING project, this document (D3.1) presents the established body of knowledge of WP3 at Milestone 1. Therefore, this deliverable does not focus on the development of TEACHING technology bricks only, but also enhances the project via a different view focusing on development processes and engineering methods. The technical content of the document also serves the purpose of enhancing other WPs activities concerned with business view perspectives and use-cases, system architecture concepts and SotA, as well as the development of the TEACHING technology bricks. The content of the deliverable results from activities undertaken in WP3 in the first project phase and covers the following sections: (a) the current state of practice in terms of dependable engineering methods, architectural concepts, as well as regulation activities and industrial working groups, (b) relation to TEACHING project requirements, (c) dependability architectures concepts and architecture pattern for different scenarios, (d) approaches for application of AI for ensuring of CPSoS dependability, and (e) dependability engineering of cloud-connected AI-based systems. | G93: 44195 | H93: 4 | I93: Free | J93: 0 | K93: [(TUG) Jürgen DOBAJ, Matthias SEIDL, Maid DZAMBIC] [(I&M) Lorenzo Giraudi, Roberta Peroglio] [(ITML) Angela Dimitriou] [(HUA) Charalampos Davalas, Dimitrios Michail, Christos Sardianos, Konstantinos Tserpes, Iraklis Varlamis] [(AVL) Omar Veledar] [(UniPi) Davide Bacciu] [(M) Marilina DE GENNARO, Calogero CALANDRA, Sara POTENZA] | L93: Greece, Italy, France, Germany, Austria | M93: EN | N93: Horizon 2020 Program | V93: =P93*'Data and TEMP'!$C$13+Q93*'Data and TEMP'!$C$14+R93*'Data and TEMP'!$C$15+S93*'Data and TEMP'!$C$16+T93*'Data and TEMP'!$C$17+U93*'Data and TEMP'!$C$18 -> 0
A94: 93 | B94: 93 | C94: First | D94: Trends and Opportunities of Tertiary Education in Safety Engineering Moving towards Safety 4.0 | E94: https://search.proquest.com/openview/a280055f3a823b18564027ebbae1859f/1?pq-origsite=gscholar&cbl=2032327 | F94: Industry and related work and workplaces are constantly changing as a result of the implementation of new technologies, substances and work processes, changes in the composition of the workforce and the labor market, and new forms of employment and work organization. The implementation of new technologies represents certain ambivalence. Next to the positive impact on workers’ health, new risks and challenges can arise in the area of process and occupational safety and health of people at work. On these bases, it follows the need for predicting and handling the new risks, in order to ensure safe and healthy workplaces in the future. The aim of most forecasting studies is not only to identify new emerging risks, but also to foresee changes that could affect occupational safety and health. However, a number of questions still require proper investigation, i.e., “What impact do new emerging risks have on tertiary education in the area of Safety engineering? Has tertiary education already reacted to progress in science and research and does it have these innovations in its syllabus? How are tertiary graduates prepared for the real world of new technologies?” This paper represents a first attempt in the literature to provide answers to the raised questions, by a survey approach involving academics, Health Safety and Environment (HSE) industrial experts and university students in the Czech Republic. Even if statistical evaluation is limited to a single Country and to a small sample size, the obtained results allow suggesting practical recommendations that can contribute to ensuring new challenges in the area of education by addressing relevant culture issues needed to support new workplace realities according to the newly defined Safety 4.0. | G94: 44203 | H94: 4 | I94: Free | J94: 0 | K94: Vendula Laciok 1 , Katerina Sikorova 1 , Bruno Fabiano 2 and Ales Bernatik 1,* | L94: Italy, Czech Republic | M94: EN | N94: ProQuest | V94: =P94*'Data and TEMP'!$C$13+Q94*'Data and TEMP'!$C$14+R94*'Data and TEMP'!$C$15+S94*'Data and TEMP'!$C$16+T94*'Data and TEMP'!$C$17+U94*'Data and TEMP'!$C$18 -> 0
A95: 94 | B95: 94 | C95: First | D95: Unilever Company Strategic Business Analysis | E95: http://dspace.lib.fcu.edu.tw/jspui/handle/2377/32072 | F95: There are many factors that affect a company's success and growth, especially for giant multinationals. A corporate's phased development strategies will influence its destiny, running a successful and sustainable big company is not easy. Unilever is a multinational FMCG company with a long history of development. The corporate goal for over 120 years has been to enhance the lives of the people around the world every day. The mission of the company has not changed much since William Lever, the founder, concentrated during the 1880s on what he called "shared prosperity". Today, through the Unilever Sustainable Living Plan (USLP), which seeks to expand industry while halving the environmental footprint and growing the social impact, the organization is living out this pledge. The goal of Unilever is to bring vitality to life. With products that make individuals feel healthy, look good and get more out of life, they satisfy everyday demands for fitness, grooming and personal care. Unilever strategy: A belief that sustainable business drives superior performance lies at the heart of the Unilever Compass – the strategy to create long-term value for Unilever’s stakeholders. As they have done for years, Unilever strives to keep their goods better and environmentally green. Comprehension of cultures, markets, and organizations requires successful business analysis. Among other aspects, this comes from experience, solid data and knowledge, and the proper choice and use of analytical techniques. Businesspeople must continually be able to make sense of their market, cultures, organizations, and tactics to be competitive in today's information age. Business management is a way of conducting an organization. Its aim is to establish values, management skills, organizational roles, and management procedures that connect decision-making at all levels and across all levels of authority to political, strategic, and operational. Analyzing the growth plan of an organization lets management realize the value of the plans offered and helps the company at each point to follow the correct path. Effective management is undergirded by helpful analytical insights. Analyzing a company's development strategy helps managers understand the importance of the strategies given, and helps the company have the right direction in each stage. In order to delve into a large and multi-product company like Unilever, we took turns looking at the major contents listed: Unilever’s SWOT Analysis, Three level strategy, Unilever’s Strategic Map, Unilever’s five forces analysis, Strategic Group Analysis, Porter Diamond Analysis, Unilever’s Value Chain, and National Diamond Analysis. | G95: 44314 | H95: 4 | I95: Free | J95: 0 | K95: Lieu, Pham Thi Hoa; Arunjit, Nuttika; Buapradabkul, Shinnapat; Nathaniel, Darren | L95: China | M95: EN | N95: Feng Chia Univeristy | V95: =P95*'Data and TEMP'!$C$13+Q95*'Data and TEMP'!$C$14+R95*'Data and TEMP'!$C$15+S95*'Data and TEMP'!$C$16+T95*'Data and TEMP'!$C$17+U95*'Data and TEMP'!$C$18 -> 0
A96: 95 | B96: 95 | C96: First | D96: A Comprehensive Survey on Machine Learning-Based Big Data Analytics for IoT-Enabled Smart Healthcare System | E96: https://link.springer.com/article/10.1007/s11036-020-01700-6 | F96: The outbreak of chronic diseases such as COVID-19 has made a renewed call for providing urgent healthcare facilities to the citizens across the globe. The recent pandemic exposes the shortcomings of traditional healthcare system, i.e., hospitals and clinics alone are not capable to cope with this situation. One of the major technology that aids contemporary healthcare solutions is the smart and connected wearables. The advancement in Internet of Things (IoT) has enabled these wearables to collect data on an unprecedented scale. These wearables gather context-oriented information related to our physical, behavioural and psychological health. The big data generated by wearables and other healthcare devices of IoT is a challenging task to manage that can negatively affect the inference process at the decision centres. Applying big data analytics for mining information, extracting knowledge and making predictions/inferences has recently attracted significant attention. Machine learning is another area of research that has successfully been applied to solve various networking problems such as routing, traffic engineering, resource allocation, and security. Recently, we have seen a surge in the application of ML-based techniques for the improvement of various IoT applications. Although, big data analytics and machine learning are extensively researched, there is a lack of study that exclusively focus on the evolution of ML-based techniques for big data analysis in the IoT healthcare sector. In this paper, we have presented a comprehensive review on the application of machine learning techniques for big data analysis in the healthcare sector. Furthermore, strength and weaknesses of existing techniques along with various research challenges are highlighted. Our study will provide an insight for healthcare practitioners and government agencies to keep themselves well-equipped with the latest trends in ML-based big data analytics for smart healthcare. | G96: 44202 | H96: 2 | I96: Free | J96: 0 | K96: Wei Li, Yuanbo Chai, Fazlullah Khan, Syed Rooh Ullah Jan, Sahil Verma, Varun G. Menon, Kavita & Xingwang Li | L96: China, India, Vietnam, Pakistan | M96: EN | N96: SpringerLink | V96: =P96*'Data and TEMP'!$C$13+Q96*'Data and TEMP'!$C$14+R96*'Data and TEMP'!$C$15+S96*'Data and TEMP'!$C$16+T96*'Data and TEMP'!$C$17+U96*'Data and TEMP'!$C$18 -> 0
A97: 96 | B97: 96 | C97: First | D97: Blockchain and Building Information Management (BIM) for Sustainable Building Development within the Context of Smart Cities | E97: https://www.mdpi.com/2071-1050/13/4/2090 | F97: ‘Smart cities’ are a new type of city where stakeholders are jointly responsible for urban management. City Information Management (CIM) is an output tool for smart city planning and management, which assists in achieving the sustainable development of urban infrastructure, and promotes smart cities to achieve the goals of stable global economic development, sustainable environmental development, and improvement of people’s quality of life. Existing research has so far established that blockchain and BIM have great potential to enhance construction project performance. However, there is little research on how blockchain and BIM can support sustainable building design and construction. Therefore, the aim of this paper is to explore the potential impact of the integration of blockchain and BIM in a smart city environment on making buildings more sustainable within the context of CIM/Smart Cities. The paper explores the relationships between blockchain, BIM and sustainable building across the life cycle stage of a construction project. This paper queries the Web of Science (WoS) database with keywords to obtain relevant publication, and then uses the VOSviewer to visually analyze the relationships between blockchain, BIM, and sustainable building within the context of smart cities and CIM, which is conducted in bibliometric analysis followed by micro scheme analysis. The results demonstrate the value of this method in gauging the importance of these three topics, highlighting their interrelationships and identifying trends, giving researchers an objective research direction. Those aspects reported in the paper constitute an original contribution | G97: 44243 | H97: 3 | I97: Free | J97: 0 | K97: Zhen Liu 1,*OrcID,Ziyuan Chi 1,*OrcID,Mohamed Osmani 2 andPeter Demian 2OrcID | L97: China, UK | M97: EN | N97: MDPI | V97: =P97*'Data and TEMP'!$C$13+Q97*'Data and TEMP'!$C$14+R97*'Data and TEMP'!$C$15+S97*'Data and TEMP'!$C$16+T97*'Data and TEMP'!$C$17+U97*'Data and TEMP'!$C$18 -> 0
A98: 97 | B98: 97 | C98: First | D98: Development of a synthesis concept for the Smart City Maun Science Park | E98: https://opus.htwg-konstanz.de/frontdoor/deliver/index/docId/2752/file/210313_Master-Thesis_Felix_Lay_Opus.pdf | F98: Cities around the world are facing an increasing number of global and local challenges, such as climate change and scarcity of raw materials. At the same time trends like digitalization, globalization and networking gain in importance. For this reason, cities have started implementing smart solutions within the urban structure in order to evolve towards a Smart City. In Botswana, the Maun Science Park is intended to provide a best practice approach for a Botswanan Smart City. Since Smart City concepts have to be specifically tailored to local conditions, the first main goal of this thesis is to develop a synthesis concept for the Maun Science Park. A key problem in cities is the utilization of space, which is further intensified by increasing urbanization and population growth. Therefore, the second main goal is to develop approaches of (digitally) re-programmable space to use available areas intelligently and optimized. Within the thesis, human-centered design has been applied as structure-giving methodology. By clarifying relevant Smart City contents, considering reference examples as well as identifying local challenges and requirements, an appropriate concept has been developed with human-focus. Furthermore, the methodologies of literature research and expert interviews have been used as input in the individual human-centered design phases. In combination with an innovation funnel, the methodology human-centered design forms the structure of the thesis. In total, ten main solution areas and 37 sub-segments have been identified for the synthesis concept of Maun Science Park. Additionally, a concept for Smart Buildings has been developed as a part of the synthesis concept and as an essential infrastructure component of the Maun Science Park (three main segments, 16 sub-segments). Based on expert input, a prioritization has been determined by evaluating the impact and economic affordability of the individual sub-areas. Moreover, individual key areas have been highlighted by identifying direct interactions between subsegments and on the basis of expert input – these are particularly related to the segments Smart Data and Smart People. Besides the synthesis concept, approaches of (digitally) re-programmable space have been created. Thereby, ten approaches refer to the conversion, reuse or expansion abilities of space within daily, weekly or life cycle. In addition, the conventional (digitally) re-programmable space idea has been extended by two new considerations – “multi-purpose use of builtup space” and “concept programming in the planning phase”. Finally, within an overall consideration – synthesis concept combined with approaches of (digitally) re-programmable space – the added value of the developed contents has been outlined, positive and negative aspects have been identified within a SWOT analysis and the business model of the Maun Science Park approach has been verified in a Business Model Canvas. Through explicit elaboration, classification and prioritization of solution areas, the developed concept can serve as a basis for further project steps. Based on the defined requirements of the subsegments, solutions can be developed with regard to the entire Smart City context. | G98: 44137 | H98: 2 | I98: Free | J98: 0 | K98: Felix Lay | L98: Germany | M98: EN | N98: HTWG Konstanz University | V98: =P98*'Data and TEMP'!$C$13+Q98*'Data and TEMP'!$C$14+R98*'Data and TEMP'!$C$15+S98*'Data and TEMP'!$C$16+T98*'Data and TEMP'!$C$17+U98*'Data and TEMP'!$C$18 -> 0
A99: 98 | B99: 98 | C99: First | D99: Functional Testing of a passenger train: the case of the Donizetti regional rolling stock | E99: https://webthesis.biblio.polito.it/18545/1/tesi.pdf | F99: The aim of this Master’s thesis is presenting two of the main phases of the lifecycle of a passenger regional train, namely post-production testing operations and maintenance. The first of the two processes is analysed from the point of view of an important industrial company acting in the field, Alstom Ferroviaria S.p.A, with a detailed overview of all the different steps constituting this crucial lifecycle phase. The second process, instead, is briefly introduced and a base for an algorithm for future predictive maintenance application is proposed. In particular, the first part of this work is intended to analyse the functional testing process of the Smart Coradia operated by Ferrovie Nord, named Donizetti, a highperformance, medium capacity regional train. Alstom’s Italian production site is placed in Savigliano (CN) and it is an example of industry 4.0, where it is possible to follow the assembly processes of different types of trains, from regional to highspeed ones. In order to analyse the testing process, a comparison has been made with the POP, the Smart Coradia operated by Trenitalia, highlighting the customization gaps between the two trains. The processes and tools necessary for testing the train have been therefore adapted and the risks that could emerge during the process have been considered and investigated. For this purpose, reasoning in a top-down perspective, the P-FMEA model has been applied and this allowed to take action against the main failures that can be encountered. Starting from the testing phases, a variable of relevant importance for the operation of all trains has been selected: the wear of the friction component (pad) of the brake block. Therefore, the second part of this work is, instead, a prognostic algorithm capable of detecting anomalies and of foreseeing the useful life of the braking pads of the Donizetti, using data measurable starting from the testing operation in order to set up initial parameters for the model proposed. An overview of the technologies that could be used to improve this methodology is provided. The train, as it is composed of several subsystems, is seen as a complex entity and therefore a Systems Engineering and its holistic vision are the Ariadne's thread along the course of this thesis. | G99: 44301 | H99: 2 | I99: Free | J99: 0 | K99: Simona Gurrì | L99: Italy | M99: EN | N99: Politecnico di Torino | V99: =P99*'Data and TEMP'!$C$13+Q99*'Data and TEMP'!$C$14+R99*'Data and TEMP'!$C$15+S99*'Data and TEMP'!$C$16+T99*'Data and TEMP'!$C$17+U99*'Data and TEMP'!$C$18 -> 0
A100: 99 | B100: 99 | C100: First | D100: Toward 6G: A New Era of Convergence | E100: https://books.google.pl/books?hl=pl&lr=&id=4ZcMEAAAQBAJ&oi=fnd&pg=PP12&dq=%22edge%22+%22digital+twin%22+%22mobility%22+%22security%22+%22experience%22&ots=c4DzZuNYTa&sig=lpjozCBRh4csd4n5OqMXz5Y0pIo&redir_esc=y#v=onepage&q&f=false | F100: The latest developments and recent progress on the key technologies enabling next-generation 6G mobile networks Toward 6G: A New Era of Convergence offers an up-to-date guide to the emerging 6G vision by describing new human-centric services made possible by combinations of mobile robots, avatars, and smartphones, which will be increasingly replaced with wearable displays and haptic interfaces that provide immersive extended reality (XR) experiences. The authors—noted experts on the topic—include a review of their work and information on the recent progress on the Tactile Internet and multi-sensory haptic communications. The book highlights decentralized edge computing in particular via Ethereum blockchain technologies, most notably the so-called decentralized autonomous organization (DAO) for crowdsourcing of human skills to solve problems that machines (such as autonomous artificial intelligence agents and robots) alone cannot solve well. The book also contains a review of the most recent and ongoing work on XR (including virtual/augmented/mixed reality). Specifically, the book describes the implications of the transition from the current gadgets-based Internet to a future Internet that is evolving from bearables (such as smartphones), moves towards wearables (for example Amazon's recently launched voice-controlled Echo Loop ring, glasses, and earbuds), and then finally progresses to nearables with embedded computing technologies and intelligent provisioning mechanisms for the delivery of human-intended services, including sixth-sense perceptions, in a 6G post-smartphone era. This important text: Offers a review of the 6G network architectures and key enabling technologies Explains why 6G should not be a mere exploration of more spectrum at high-frequency bands, but rather a convergence of upcoming technological trends Describes the Tactile Internet's human-in-the-loop centric design principles and haptic communications models Includes analytical frameworks to estimate the fluid orchestration of human + machine co-activities across unified communication network infrastructures Explores the performance gains of cooperative computation offloading with communications and computation limitations in both fronthaul and backhaul Written for students, network researchers, professionals, engineers, and practitioners, Toward 6G: A New Era of Convergence explores the most recent advances on the key technologies enabling next-generation 6G mobile networks, with an emphasis on their seamless convergence. | G100: 44176 | H100: 3 | I100: Free | J100: 0 | K100: Martin Maier (Author), Amin Ebrahimzadeh (Author | L100: Canada | M100: EN | N100: Wiley | V100: =P100*'Data and TEMP'!$C$13+Q100*'Data and TEMP'!$C$14+R100*'Data and TEMP'!$C$15+S100*'Data and TEMP'!$C$16+T100*'Data and TEMP'!$C$17+U100*'Data and TEMP'!$C$18 -> 0
...

Sheet Reviews
A1: ID | B1: Title | C1: Category | D1: Page | E1: Extract | F1: Notes
A2: 7 | B2: =VLOOKUP(A2,Catalog!$A$1:$E$121,4,FALSE) -> The National Digital Twin of the UK – a knowledge-graph approach | C2: Digital Twin | D2: 3 | E2: The National Digital Twin is not intended to be monolithic, but rather a system of interconnected entities that share data and that are able to combine to answer complex questions. For example, what infrastructure exists, and what is its capacity, location, condition and value? What are the environmental, social and economic impacts of proposed infrastructure projects? | F2: Introduction
A3: 7 | B3: =VLOOKUP(A3,Catalog!$A$1:$E$121,4,FALSE) -> The National Digital Twin of the UK – a knowledge-graph approach | C3: Digital Twin | D3: 4 | E3: The name ‘World Avatar’ seeks to convey the possibility of representing every aspect of the real world, extending the idea of digital twins to consider the possibility of representing any abstract concept or process. | F3: Introduction
A4: 7 | B4: =VLOOKUP(A4,Catalog!$A$1:$E$121,4,FALSE) -> The National Digital Twin of the UK – a knowledge-graph approach | C4: Digital Twin | D4: 4 | E4: development of the J-Park Simulator [15, 52], which uses technologies from the Semantic Web [30] to create a knowledge-graph-based digital twin of the eco-industrial park on Jurong Island | F4: Introduction
A5: 7 | B5: =VLOOKUP(A5,Catalog!$A$1:$E$121,4,FALSE) -> The National Digital Twin of the UK – a knowledge-graph approach | C5: Digital Twin | D5: 7 | E5: The digital world is composed of a dynamic knowledge graph that contains concepts and data that describe the world, and an ecosystem of autonomous computational agents that simulate the behaviour of the world and that update the concepts and data so that the digital world remains current in time. In this manner, it is proposed that it is possible to create digital twins that are able to describe the behavior of complex systems, and by doing so provide the ability to make data-driven decisions about how to optimise the systems. Within the World Avatar, there exists the notions of a ‘base world’ that describes the current state of the real world, and ‘parallel worlds’ that describe the effect of what-if changes to the base world. The base world enables the World Avatar to address control problems. The parallel worlds enable the World Avatar to perform scenario analysis to address design problems. | F5: World Avatar - Real World and Parallel worlds
